 Dungeon Crawl Stone Soup version 0.23-a0-650-ga4d50d4d25 (webtiles) character file.

1641013 Flugkiller the Slayer (level 27, 245/269 HPs)
             Began as a Barachi Chaos Knight on Jan 5, 2019.
             Was a Favourite Plaything of Xom.
             Escaped with the Orb
             ... and 3 runes!
             The game lasted 03:40:54 (72900 turns).

Flugkiller the Slayer (Barachi Chaos Knight)       Turns: 72900, Time: 03:40:55

Health: 245/269    AC: 32    Str: 29    XL:     27
Magic:  32/33      EV: 38    Int: 18    God:    Xom [*.....]
Gold:   1335       SH: 40    Dex: 24    Spells: 18/36 levels left

rFire    + + +     SeeInvis +   y - +10 zealot's sword {holy, *Rage rN+ EV+3}
rCold    + + +     Gourm    .   J - +4 large shield of Onuawk {*Drain Str+7 Dex+4}
rNeg     + + +     Faith    .   q - +5 fire dragon scales
rPois    +         Spirit   +   s - +1 hat
rElec    +         Reflect  +   G - scarf {Spirit}
rCorr    .         Harm     .   S - +2 pair of gloves {Dex+3}
MR       +++++     Clarity  +   (boots unavailable)
Stlth    ..........             U - +6 amulet of reflection
HPRegen  0.54/turn              x - ring "Ewnut" {rPois rC+ rN++ EV+4}
MPRegen  0.23/turn              V - ring of see invisible

@: slow
A: +LOS, swims, antennae 1, fangs 1, hooves 3, large bone plates 1, thin
metallic scales 1, yellow scales 1, agile 1, blink, clarity, clever 1, cold
resistance 3, fire resistance 1, high mp 1, magic resistance 3, sense
surroundings 2, robust 1, screaming 1, shaggy fur 2, electricity resistance,
slowness 1, strong 1, evolution 1, strong legs 2
0: Orb of Zot
}: 3/15 runes: serpentine, barnacled, slimy
a: Hop, Blink, Renounce Religion


You escaped.
You worshipped Xom.
You were a special plaything of Xom.
You were not hungry.

You visited 10 branches of the dungeon, and saw 53 of its levels.
You visited the Abyss 1 time.
You also visited: Ice Cave.

You collected 6456 gold pieces.
You spent 5121 gold pieces at shops.

Inventory:

Hand Weapons
 w - the +6 mace of Resourcefulness {vamp, -Tele rPois Int+6 SInv}
   (You took it off a deep elf mage on level 3 of the Elven Halls)

   It inflicts no extra harm, but heals its wielder when it wounds a living foe.
   It affects your intelligence (+6).
   It protects you from poison.
   It lets you see invisible.
   It prevents most forms of teleportation.
 y - the +10 zealot's sword (weapon) {holy, *Rage rN+ EV+3}
   (You took it off a deep elf elementalist on level 3 of the Elven Halls)

   It has been blessed by the Shining One to cause great damage to the undead
   and demons.
   It affects your evasion (+3).
   It protects you from negative energy.
   It may make you go berserk in combat.
 F - the +8 demon blade "Leech" {vamp, rN+ AC-3 EV-3}
   (You bought it in a shop on level 12 of the Dungeon)

   It inflicts no extra harm, but heals its wielder when it wounds a living foe.
   It affects your AC (-3).
   It affects your evasion (-3).
   It protects you from negative energy.
Armour
 g - a +2 pair of boots of running
   (You acquired it on level 13 of the Dungeon)
 q - +5 fire dragon scales (worn)
   (You found it on level 15 of the Dungeon)
 s - a +1 hat (worn)
   (You found it on level 1 of the Realm of Zot)
 G - a scarf of spirit shield (worn)
   (You found it on level 5 of the Lair of Beasts)
 J - the +4 large shield of Onuawk (worn) {*Drain Str+7 Dex+4}
   (You took it off Louise on level 1 of the Shoals)

   It affects your strength (+7).
   It affects your dexterity (+4).
   It causes draining when unequipped.
 S - a +2 pair of gloves of dexterity (worn)
   (Xom gifted it to you on level 3 of the Elven Halls)
Jewellery
 d - an uncursed ring of protection from fire
   (You found it on level 1 of the Shoals)
 r - a +5 ring of protection
   (You found it on level 5 of the Dungeon)
 x - the ring "Ewnut" (left hand) {rPois rC+ rN++ EV+4}
   (You acquired it on level 14 of the Dungeon)

   [ring of evasion]

   It affects your evasion (+4).
   It protects you from cold.
   It protects you from poison.
   It greatly protects you from negative energy.
 L - an uncursed ring of protection from cold
   (You found it on level 8 of the Dungeon)
 U - a +6 amulet of reflection (around neck)
   (You bought it in a shop on level 2 of the Orcish Mines)
 V - a ring of see invisible (right hand)
   (You found it on level 5 of the Depths)
Wands
 l - a wand of flame (82)
   (You found it on level 4 of the Dungeon)
 p - a wand of iceblast (5)
   (You found it on level 4 of the Shoals)
 E - a wand of digging (14)
   (You found it on level 3 of the Shoals)
 H - a wand of clouds (10)
   (Xom gifted it to you on level 7 of the Dungeon)
 O - a wand of paralysis (42)
   (You found it on level 4 of the Lair of Beasts)
 T - a wand of acid (6)
   (You found it on level 2 of the Lair of Beasts)
 X - a wand of disintegration (9)
   (You found it on level 3 of the Elven Halls)
Scrolls
 a - 7 scrolls of blinking
 b - 9 scrolls of magic mapping
 e - 10 scrolls of teleportation
 i - 6 scrolls of immolation
 j - 3 scrolls of fear
 k - 18 scrolls of remove curse
 C - 11 scrolls of fog
 D - a scroll of summoning
 M - 4 scrolls of silence
 R - 6 scrolls of identify
Potions
 h - 3 potions of brilliance
 t - 7 potions of heal wounds
 u - a potion of mutation
 v - 11 potions of curing
 z - 2 potions of invisibility
 A - 7 potions of agility
 B - 6 potions of resistance
 I - 4 potions of might
 K - 3 potions of magic
 N - 3 potions of berserk rage
 Q - 5 potions of flight
 W - a potion of cancellation
 Y - a potion of ambrosia
Miscellaneous
 f - a lamp of fire
   (You found it on level 3 of the Depths)
 P - 3 phantom mirrors
 Z - a phial of floods
   (You found it on level 2 of the Snake Pit)
Comestibles
 c - 38 rations


   Skills:
 - Level 26.2 Fighting
 - Level 14.0 Long Blades
 - Level 8.0 Throwing
 - Level 23.0 Armour
 - Level 22.0 Dodging
 + Level 23.0 Shields
 - Level 5.0 Spellcasting
 - Level 10.0 Hexes
 - Level 13.0 Summonings
 - Level 4.9 Translocations
 - Level 7.0 Air Magic
 - Level 4.6 Earth Magic
 - Level 5.0 Evocations


You had 18 spell levels left.
You knew the following spells:

 Your Spells              Type           Power        Failure   Level  Hunger
a - Blink                 Tloc           N/A          5%          2    #......
b - Passwall              Tmut/Erth      ##......     16%         2    #......
c - Summon Lightning Spi  Summ/Air       #####...     4%          4    ####...
d - Aura of Abjuration    Summ           ######....   3%          5    ######.
e - Summon Mana Viper     Hex/Summ       #####...     7%          5    ######.

Your spell library contained the following spells:

 Spells                   Type           Power        Failure   Level  Hunger
 Summon Small Mammal      Summ           ####         1%          1    None
 Call Imp                 Summ           ######..     1%          2    #......
 Slow                     Hex            #####...     1%          2    #......
 Call Canine Familiar     Summ           ######..     1%          3    ##.....
 Recall                   Summ/Tloc      N/A          1%          3    ##.....
 Summon Guardian Golem    Hex/Summ       #####...     1%          3    ##.....
 Portal Projectile        Hex/Tloc       ####..       3%          3    ##.....
 Summon Demon             Summ           ######....   3%          5    ######.
 Shock                    Conj/Air       ###.         6%          1    None
 Poisonous Vapours        Pois/Air       ###...       10%         2    #......
 Swiftness                Chrm/Air       ###.....     10%         2    #......
 Dazzling Spray           Conj/Hex       ###...       11%         3    ##.....
 Gell's Gravitas          Tloc           ###.......   11%         3    ##.....
 Inner Flame              Hex/Fire       ###.....     11%         3    ##.....
 Spectral Weapon          Hex/Chrm       ###.....     11%         3    ##.....
 Shroud of Golubria       Chrm/Tloc      ##........   14%         2    #......
 Leda's Liquefaction      Hex/Erth       ####......   14%         4    ####...
 Airstrike                Air            ####......   16%         4    ####...
 Static Discharge         Conj/Air       ###.....     19%         3    ##.....
 Summon Ice Beast         Ice/Summ       ####....     19%         4    ####...
 Summon Forest            Summ/Tloc      #####.....   19%         5    ######.
 Shadow Creatures         Summ           N/A          21%         6    #######
 Silence                  Hex/Air        #####.....   22%         5    ######.
 Beastly Appendage        Tmut           #.....       26%         1    None
 Flame Tongue             Conj/Fire      #....        26%         1    None
 Freeze                   Ice            #...         26%         1    None
 Infusion                 Chrm           #...         26%         1    None
 Magic Dart               Conj           #...         26%         1    None
 Pain                     Necr           #...         26%         1    None
 Sting                    Conj/Pois      #...         26%         1    None
 Mephitic Cloud           Conj/Pois/Air  ##......     30%         3    ##.....
 Fulminant Prism          Conj/Hex       ###.......   34%         4    ####...
 Searing Ray              Conj           #.....       38%         2    #......
 Song of Slaying          Chrm           #.......     38%         2    #......
 Sticks to Snakes         Tmut           #.......     38%         2    #......
 Throw Flame              Conj/Fire      #.....       38%         2    #......
 Throw Frost              Conj/Ice       #.....       38%         2    #......
 Darkness                 Hex            #####.....   56%         6    #######
 Invisibility             Hex            #####...     56%         6    #######
 Conjure Flame            Conj/Fire      #.......     63%         3    ##.....
 Ignite Poison            Fire/Tmut/Pois #.......     63%         3    ##.....
 Ozocubu's Armour         Chrm/Ice       #.......     63%         3    ##.....
 Regeneration             Chrm/Necr      #.........   63%         3    ##.....
 Spider Form              Tmut/Pois      #.........   63%         3    ##.....
 Force Lance              Conj/Tloc      ##......     67%         4    ####...
 Metabolic Englaciation   Hex/Ice        ###.......   67%         5    ######.
 Petrify                  Tmut/Erth      ##......     71%         4    ####...
 Lee's Rapid Deconstruct  Erth           ###.......   75%         5    ######.
 Lightning Bolt           Conj/Air       ###.......   87%         5    ######.
 Ice Form                 Ice/Tmut       #.......     95%         4    ####...
 Iskenderun's Mystic Bla  Conj           #.......     95%         4    ####...
 Olgreb's Toxic Radiance  Pois           #.......     95%         4    ####...
 Sticky Flame             Conj/Fire      #.......     95%         4    ####...
 Throw Icicle             Conj/Ice       #.......     95%         4    ####...
 Bolt of Magma            Conj/Fire/Erth ##........   99%         5    ######.
 Dispersal                Tloc           ###.......   99%         6    #######
 Malign Gateway           Summ/Tloc      #####.....   99%         7    #######
 Agony                    Necr           #.......     100%        5    ######.
 Blade Hands              Tmut           #.........   100%        5    ######.
 Fireball                 Conj/Fire      #.........   100%        5    ######.
 Iskenderun's Battlesphe  Conj/Chrm      #.......     100%        5    ######.
 Venom Bolt               Conj/Pois      #.........   100%        5    ######.
 Bolt of Cold             Conj/Ice       #.........   100%        6    #######
 Bolt of Fire             Conj/Fire      #.........   100%        6    #######
 Conjure Ball Lightning   Conj/Air       ###.......   100%        6    #######
 Deflect Missiles         Chrm/Air       ###.......   100%        6    #######
 Freezing Cloud           Conj/Ice/Air   ##........   100%        6    #######
 Iron Shot                Conj/Erth      ##........   100%        6    #######
 Ozocubu's Refrigeration  Ice            #.........   100%        6    #######
 Simulacrum               Ice/Necr       #.........   100%        6    #######
 Statue Form              Tmut/Erth      ##.......    100%        6    #######
 Orb of Destruction       Conj           #.........   100%        7    #######
 Ring of Flames           Chrm/Fire      #.........   100%        7    #######
 Spellforged Servitor     Conj/Summ      ####......   100%        7    #######
 Controlled Blink         Tloc           N/A          100%        8    #######
 Discord                  Hex            #####.....   100%        8    #######
 Disjunction              Tloc           ###.......   100%        8    #######
 Ignition                 Fire           #.........   100%        8    #######
 Shatter                  Erth           ###.......   100%        9    #######
 Tornado                  Air            ####......   100%        9    #######
 Passage of Golubria      Tloc           Unusable     N/A         4    N/A

Dungeon Overview and Level Annotations

Branches:
Dungeon (15/15)            Temple (0/1) D:4            Lair (6/6) D:8
 Shoals (4/4) Lair:4        Snake (4/4) Lair:2        Slime (5/5) Lair:5
    Orc (2/2) D:11            Elf (3/3) Orc:2        Vaults (4/5) D:14
  Crypt (0/3) Vaults:3     Depths (5/5) D:15            Zot (5/5) Depths:5

Altars:
Dithmenos
Fedhas
Hepliaklqana
Makhleb
Nemelex Xobeh
Ru
Wu Jian
Xom
Yredelemnul
The Shining One
Beogh
Jiyva

Shops:
D:8 *   D:9 (*(!   D:12 (   D:14 ?   Orc:2 *}=}   Elf:1 %   Vaults:1 [
Vaults:2 :(   Vaults:3 [   Depths:5 *!*!

Portals:
Hell: Depths:1 Depths:2 Depths:3 Depths:5
Abyss: Depths:2
Pandemonium: Depths:1 Depths:2
Trove: D:11 (show slimy rune of Zot)

Annotations:
Lair:4 exclusion: oklob plant
Shoals:1 1 runed door, Nuziceol's ghost, journeyman GrFE
Elf:2 5 runed doors, exclusion: Roxanne, Roxanne
Elf:3 1 runed door, lis82's ghost, adept DgFi
Depths:4 exclusion: orange crystal statue
Zot:2 1 transporter
Zot:4 1 runed door, Alant's ghost, legendary SpEn
Zot:5 3 runed doors, exclusion: 3 doors, Sergey's ghost, adept DDFi


Innate Abilities, Weirdness & Mutations

Shadows flee at your approach. (+LOS)
You can swim through water.
You cover ground slowly.
You can hop long distances.
You have a pair of small antennae on your head.
You have very sharp teeth.
You have hooves in place of feet.
You are partially covered in large bone plates. (SH +4)
You are partially covered in thin metallic scales. (AC +2)
You are partially covered in yellow scales. (AC +2)
You are agile. (Dex +2)
You can translocate small distances at will.
You possess an exceptional clarity of mind.
Your mind is acute. (Int +2)
Your flesh is almost immune to the effects of cold. (rC+++)
Your flesh is heat resistant. (rF+)
You have an increased reservoir of magic. (+10% MP)
You are extremely resistant to the effects of hostile enchantments. (MR+++)
You passively map the area around you.
You are robust. (+10% HP)
You occasionally shout uncontrollably at your foes.
You are covered in thick fur. (AC +2)
You are resistant to electric shocks. (rElec)
Your muscles are strong. (Str +2)
You evolve.


Message History

You block the Executioner's attack. x2; The Executioner completely misses you.
You block the Executioner's attack. x2; The Executioner misses you.
Unknown command.
You slice Cural!!
Cural convulses!!
You kill Cural!
The hellwing disappears in a puff of smoke!
The neqoxec disappears in a puff of smoke!
Your mana viper closely misses the Executioner.
Your mana viper bites the chaos spawn!
Unknown command.
You slash the chaos spawn!
You kill the chaos spawn!
The chaos spawn degenerates into a cloud of primal chaos!
You block the Executioner's attack. The Executioner barely misses you.
You block the Executioner's attack.
Something closely misses your mana viper.
The Executioner misses you.
You riposte.
You hit the Executioner.
The Executioner convulses.
You kick the Executioner!
The Executioner is heavily wounded.
The Executioner completely misses you. x2
You slice the Executioner!!
The Executioner convulses!!
You kill the Executioner!
Your Shields skill increases to level 23!
Your mana viper is engulfed in seething chaos.
Your mana viper goes berserk!
The small abomination closely misses your mana viper.
Your mana viper completely misses the small abomination.
The small abomination misses your mana viper.
Your mana viper barely misses the small abomination.
Your mana viper rages.
Your mana viper bites the small abomination but does no damage.
The small abomination closely misses your mana viper.
Your mana viper bites the small abomination.
There is a stone staircase leading up here.
You hear an angry hiss.
You climb upwards.
There is a stone staircase leading down here.
(D) Dungeon (T) Temple (L) Lair (A) Shoals (P) Snake Pit (M) Slime Pits (O) Orcish Mines (E) Elven Halls (V) Vaults (C) Crypt (U) Depths (H) Hell (Z) Zot
Where to? (Enter - D:1 @ (x,y), ? - help)
There is a stone staircase leading up here.
You climb upwards.
There is a stone staircase leading down here.
Your extra speed is starting to run out.
You feel yourself slow down.
There is a staircase leading out of the dungeon here.
Enter note: gg You have escaped!

#.#.##...##
##.#######.####.
#.#.#.....# ##.##
#....#...#.
#.#.>.....# #..#
#..##.#..#.
#.###.....#
########.######..
#.# ##...##
##....# ##. #.#
##.##
##.#..########.
#.#####.#
###....## #......
#.##....#
##..#.######.####.
#.##.####
#@.##..#...(......
#####.##.#
##.#..#####.######
#.....##.# #....#
#.# #. #.######.#
####### #.# #. #.#
#.# #.# #.# #. #.#
###.# #.##### #.#
#. #.# #...#
#..†..# #.# #. #.#
#.### #####.# #.#
#. #.# #.# #.# #.#
#.


There were no monsters in sight!

Vanquished Creatures
  5 orbs of fire
  3 ancient liches (Zot:5)
  2 juggernauts
  Mara (Vaults:2)
  A greater mummy (Depths:3)
  4 pandemonium lords
  4 Killer Klowns
  Xtahua (Depths:3)
  A caustic shrike (D:15)
  6 golden dragons
  2 iron giants
  2 electric golems (Zot:5)
  A lich (Depths:3)
  16 tentacled monstrosities
  A Hell Sentinel (D:13)
  2 deep elf blademasters (Elf:2)
  4 quicksilver dragons
  24 Orb Guardians
  Asterion (Vaults:1)
  A deep elf master archer (Elf:3)
  10 acid blobs
  3 sphinxes
  A kraken (Shoals:2)
  Agnes (D:14)
  9 death cobs
  2 Executioners
  6 shadow dragons
  Kirke (D:15)
  3 tengu reavers
  9 storm dragons
  8 nagarajas
  Ilsuiw (Shoals:4)
  3 fire giants
  6 draconian monks
  An azure jelly (shapeshifter) (D:15)
  13 azure jellies
  9 deep elf sorcerers
  11 frost giants
  6 draconian knights
  Louise (Shoals:1)
  7 draconian scorchers
  11 vault wardens
  4 draconian stormcallers
  2 deep elf elementalists (Elf:3)
  5 draconian shifters
  4 ghost moths
  2 balrugs
  6 draconian annihilators
  9 ironheart preservers
  16 very ugly things
  2 entropy weavers
  15 stone giants
  12 deep elf annihilators
  2 war gargoyles
  10 black draconians
  A dire elephant (Lair:6)
  6 deep elf demonologists
  12 purple draconians
  8 green draconians
  13 yellow draconians
  7 white draconians
  8 red draconians
  Snorg (D:14)
  4 spark wasps (Depths:5)
  2 eidola
  4 deep elf death magi
  2 mummy priests (Depths:3)
  3 jiangshi (Depths:3)
  13 fire dragons
  7 ettins
  8 great orbs of eyes
  12 merfolk impalers
  5 death oozes
  7 deep elf high priests
  8 yaktaur captains
  7 merfolk javelineers
  9 ogre magi
  Josephine (Lair:5)
  10 ice dragons
  6 rakshasas
  14 naga warriors
  5 hydras
  A catoblepas (Depths:5)
  6 vault guards
  8 anacondas
  6 centaur warriors
  2 alligator snapping turtles (Shoals:4)
  2 death knights
  5 merfolk aquamancers
  11 dancing weapons
  2 satyrs
  32 two-headed ogres
  3 merfolk avatars (Shoals:4)
  2 queen ants
  2 tengu warriors
  5 deep troll shamans
  4 death yaks (Lair:5)
  Urug (D:12)
  4 hell hogs (Abyss:5)
  2 vampire magi
  7 deep troll earth magi
  14 naga sharpshooters
  3 spriggan berserkers
  7 shock serpents
  A soul eater (Depths:5)
  2 spriggans (Depths:3)
  A storm dragon zombie (Vaults:4)
  2 wretched stars (Abyss:5)
  3 sun demons
  2 skeletal warriors
  3 iron trolls (Depths:3)
  7 deep elf knights
  A sixfirhy (Depths:2)
  3 small abominations
  A fire crab (shapeshifter) (Vaults:4)
  A shadow wraith (Depths:4)
  3 salamander mystics
  15 deep trolls
  A death drake (shapeshifter) (Shoals:3)
  13 sea snakes
  A tengu zombie (Vaults:4)
  3 unseen horrors
  2 gelid demonspawn
  7 wizards
  A spriggan druid (D:15)
  4 flayed ghosts
  A torturous demonspawn (Depths:1)
  5 glowing orange brains
  9 naga ritualists
  A shadow demon (Depths:2)
  14 deep elf archers
  14 mana vipers
  A lindwurm (Lair:3)
  4 wolf spiders
  2 phantasmal warriors
  5 necromancers
  43 deep elf magi
  12 ironbrand convokers
  15 orc knights
  An orc sorcerer (Depths:5)
  16 harpies
  12 fauns
  A fire giant zombie (Vaults:3)
  5 shining eyes
  39 ugly things
  4 oklob plants (Lair:5)
  A manticore (shapeshifter) (Vaults:1)
  An elephant (shapeshifter) (Depths:3)
  15 moths of wrath
  14 cyclopes
  2 fire giant skeletons
  12 salamanders
  8 manticores
  8 merfolk sirens
  4 elephants (Lair:5)
  33 black mambas
  A rust devil (Depths:2)
  8 vault sentinels
  3 human skeletons
  3 centaur zombies
  4 eyes of devastation
  32 naga magi
  A guardian serpent (Snake:4)
  2 molten gargoyles (Lair:3)
  A smoke demon (Abyss:5)
  3 ice statues (IceCv)
  4 water nymphs
  A black mamba (shapeshifter) (D:14)
  3 orange demons
  11 spiny frogs
  2 rime drakes (shapeshifter)
  4 gargoyles
  34 yaktaurs
  An efreet (D:14)
  A storm dragon simulacrum (Depths:3)
  A spriggan zombie (Depths:3)
  9 rime drakes
  8 komodo dragons
  A freezing wraith (Vaults:3)
  2 ancient zymes (Abyss:5)
  A hellwing (Depths:2)
  2 red devils (Depths:5)
  12 trolls
  A harpy zombie (D:15)
  2 meliai (shapeshifter) (Vaults:4)
  A queen bee (Lair:5)
  8 wind drakes
  2 polar bears (shapeshifter)
  4 meliai (Lair:5)
  A polar bear (Lair:6)
  A sphinx simulacrum (Vaults:3)
  A jumping spider (Vaults:3)
  Prince Ribbit (D:7)
  A tyrant leech (shapeshifter) (Lair:6)
  13 hippogriffs
  A large abomination (Abyss:5)
  15 blink frogs
  7 hornets
  A meliai zombie (D:12)
  4 raiju
  37 merfolk
  3 ettin zombies
  65 slime creatures
  A dream sheep (shapeshifter) (Depths:4)
  A snapping turtle (shapeshifter) (Depths:1)
  6 snapping turtles
  10 dream sheep
  A redback (Vaults:3)
  5 wraiths
  A ynoxinul (Zot:5)
  A spriggan (shapeshifter) (Abyss:5)
  An air elemental (Elf:3)
  2 shadows
  49 yaks
  A fire elemental (Elf:1)
  2 wyverns
  3 hogs (D:15)
  A human (Lair:5)
  18 water elementals
  A golden eye (shapeshifter) (Depths:1)
  A hog (shapeshifter) (Depths:2)
  A redback simulacrum (D:15)
  2 steam dragons
  17 golden eyes
  A hungry ghost (D:8)
  6 basilisks
  2 chaos spawn
  13 wargs
  A swamp worm (shapeshifter) (Depths:2)
  2 acid dragons
  Menkaure (D:6)
  46 nagas
  20 soldier ants
  13 water moccasins
  Duvessa (D:7)
  A floating eye (Slime:5)
  6 hell hounds
  5 porcupines
  A sky beast (D:14)
  4 black bears
  64 orc warriors
  A slave (D:6)
  9 ice beasts
  32 wolves
  7 eyes of draining
  32 ogres
  A tengu (Lair:6)
  A boggart (shapeshifter) (D:15)
  34 centaurs
  3 boggarts (Depths:1)
  16 crocodiles
  4 human zombies
  3 big kobolds
  A bullfrog (shapeshifter) (Depths:5)
  2 gnoll sergeants
  19 bullfrogs
  Dowan (D:7)
  An earth elemental (Elf:2)
  A glowing shapeshifter simulacrum (Depths:3)
  5 scorpions
  An elf simulacrum (Vaults:4)
  41 killer bees
  15 wights
  4 howler monkeys
  3 jellies
  5 lava snakes (Lair:3)
  2 bullfrog zombies
  9 crimson imps
  2 quasits (Depths:2)
  11 hounds
  A gnoll shaman (Orc:1)
  13 orc priests
  A bullfrog skeleton (D:6)
  A centaur skeleton (D:7)
  24 orc wizards
  31 worker ants
  5 iguanas
  A hell rat (Lair:5)
  A hound zombie (D:6)
  Robin (D:2)
  10 gnolls
  A river rat (Lair:5)
  19 adders
  6 shadow imps
  2 ufetubi (Depths:2)
  An ooze (D:3)
  An adder skeleton (D:8)
  2 worms
  2 dart slugs
  6 leopard geckos
  84 orcs
  4 giant cockroaches
  11 goblins
  5 hobgoblins
  21 jackals
  9 quokkas
  2 ball pythons
  5 bats
  3 frilled lizards
  A giant cockroach zombie (D:5)
  A jackal skeleton (D:6)
  17 kobolds
  9 rats
  A crawling corpse (Elf:3)
  2 fungi
  A plant (Shoals:4)
  A tentacle (Shoals:2)
2192 creatures vanquished.

Vanquished Creatures (collateral kills)
  the Royal Jelly (Slime:5)
  Saint Roka (Depths:4)
  A deep elf blademaster (Elf:3)
  A fire giant (Depths:1)
  A deep elf elementalist (Elf:3)
  A black draconian (Zot:4)
  A yellow draconian (Zot:4)
  2 merfolk impalers
  A fire dragon (Snake:2)
  An ice dragon (Vaults:2)
  A hydra (Lair:6)
  An orc high priest (Elf:3)
  4 naga sharpshooters
  3 salamanders
  A moth of wrath (Zot:5)
  A black mamba (Snake:1)
  3 elephants (Lair:6)
  A naga mage (Snake:2)
  2 spiny frogs (Lair:6)
  2 rime drakes (Lair:6)
  7 blink frogs
  A shadow (Vaults:3)
  A water elemental (Shoals:3)
  11 yaks
  A wraith (Lair:5)
  A basilisk (D:14)
  A hungry ghost (D:10)
  2 nagas (Snake:1)
  A water moccasin (Lair:2)
  A porcupine (D:8)
  An ice beast (D:8)
  A swamp drake (Lair:1)
  An eye of draining (D:10)
  A wolf (Lair:1)
  2 crocodiles (Lair:4)
  2 bullfrogs
  An earth elemental (Elf:3)
  5 killer bees
  2 hounds (D:8)
  2 orc wizards (Orc:1)
  2 orc priests (Orc:1)
  A worker ant (D:6)
  3 gnolls
  A shadow imp (D:10)
  7 orcs
  A jackal (D:8)
90 creatures vanquished.

Vanquished Creatures (others)
  Vashnia (Snake:4)
  2 deep elf master archers (Elf:3)
  A shadow dragon (Zot:1)
  A draconian annihilator (Zot:5)
  2 stone giants
  A merfolk javelineer (Shoals:3)
  An ice dragon (Depths:3)
  6 yaktaur captains
  3 centaur warriors
  A satyr (Shoals:1)
  4 dancing weapons
  A naga sharpshooter (Snake:4)
  A spriggan berserker (Depths:3)
  A shadow wraith (Vaults:1)
  3 deep elf archers
  A deep elf mage (Elf:2)
  An ugly thing (IceCv)
  6 fauns
  2 black mambas
  3 naga magi
  21 yaktaurs
  A tengu conjurer (Depths:4)
  A yak (Lair:2)
  4 humans (D:15)
  4 nagas (Snake:4)
  An orc warrior (Orc:2)
  A slave (D:6)
  A sky beast (shapeshifter) (Orc:2)
  2 centaurs
  An ogre (shapeshifter) (D:15)
  An ogre (Vaults:4)
  A quokka (D:6)
  2 bushes (Lair:5)
  A crawling corpse (Elf:3)
  A fire vortex (D:3)
  33 fungi
  A lurking horror (Abyss:5)
  33 plants
  6 tentacles (Shoals:2)
158 creatures vanquished.

Grand Total: 2440 creatures vanquished

Notes
Turn   | Place    | Note
-------+----------+-------------------------------------------
     0 | D:1      | Flugkiller the Barachi Chaos Knight began the quest for the
                  | Orb.
     0 | D:1      | Reached XP level 1. HP: 18/18 MP: 1/1
    53 | D:1      | XOM: divination: detect creatures
   142 | D:1      | XOM: harmless Ice miscast
   164 | D:1      | Reached XP level 2. HP: 25/25 MP: 2/2
   355 | D:1      | XOM: harmless Necr miscast
   431 | D:1      | XOM: give mutation
   431 | D:1      | Gained mutation: You have a somewhat thin skeletal
                  | structure. (Dex +2, Stealth) [Xom's grace]
   702 | D:1      | XOM: give mutation
   702 | D:1      | Gained mutation: You are partially covered in molten
                  | scales. (AC +2) [Xom's mischief]
   920 | D:1      | XOM: mild Conj miscast
   971 | D:1      | XOM: silly message
   997 | D:2      | Reached skill level 4 in Fighting
   997 | D:2      | Reached XP level 3. HP: 23/30 MP: 3/3
  1092 | D:2      | XOM: cloud trail
  1337 | D:2      | XOM: butterfly on damage
  1485 | D:2      | Reached XP level 4. HP: 37/37 MP: 4/4
  1630 | D:2      | XOM: medium Necr miscast
  1844 | D:2      | XOM: harmless Tloc miscast
  1942 | D:2      | Noticed Robin
  1947 | D:2      | XOM: harmless Chrm miscast
  1953 | D:2      | Reached skill level 5 in Long Blades
  1958 | D:2      | XOM: noise
  1975 | D:2      | Killed Robin
  2038 | D:2      | XOM: god gift: book of Conjurations
  2180 | D:2      | XOM: harmless Pois miscast
  2252 | D:2      | XOM: harmless Tmut miscast
  2587 | D:3      | Found a basalt altar of Yredelemnul.
  2626 | D:3      | Reached XP level 5. HP: 43/43 MP: 5/5
  3225 | D:3      | HP: 2/43 [orc priest/nerve-wracking pain (3)]
  3401 | D:3      | XOM: mild Fire miscast
  3796 | D:4      | Reached skill level 5 in Fighting
  3796 | D:4      | Reached XP level 6. HP: 42/51 MP: 6/6
  4143 | D:4      | Found a staircase to the Ecumenical Temple.
  4187 | D:4      | XOM: 1-stop teleportation journey
  4394 | D:4      | XOM is BORED!
  4394 | D:4      | XOM: mild Conj miscast
  4500 | D:4      | XOM: potion effect (might)
  4502 | D:4      | XOM: enchant monster (bad)
  4507 | D:4      | XOM: divination: detect creatures
  4512 | D:4      | Reached XP level 7. HP: 37/56 MP: 1/7
  4750 | D:5      | Entered Level 5 of the Dungeon
  4848 | D:5      | XOM: butterfly on damage
  4855 | D:5      | Reached skill level 5 in Armour
  5008 | D:4      | XOM: give mutation
  5008 | D:4      | Gained mutation: You are robust. (+10% HP) [Xom's grace]
  5053 | D:5      | XOM: cleaving
  5129 | D:5      | XOM: give mutation
  5129 | D:5      | Gained mutation: You expend magic power (3 MP) to
                  | strengthen your wands. [Xom's grace]
  5377 | D:5      | XOM: 4-stop teleportation journey
  5457 | D:5      | XOM: god gift: wand of scattershot (7)
  5520 | D:5      | Got an ichor-stained dagger
  5587 | D:6      | XOM: smoke on damage
  5619 | D:6      | XOM: summons friendly quasit
  5665 | D:6      | Reached skill level 6 in Fighting
  5765 | D:6      | Identified the +7 dagger "Duzioreibif" {speed, rN+} (You
                  | found it on level 5 of the Dungeon)
  5787 | D:6      | Noticed Pikel
  5788 | D:6      | XOM: summons 7 friendly demons
  5792 | D:6      | XOM: enchant monster (good)
  5796 | D:6      | XOM: summons friendly quasit
  5810 | D:6      | Noticed Pikel
  5810 | D:6      | Pikel changed into Pikel the blink frog
  5810 | D:6      | XOM: polymorph Pikel -> Pikel the blink frog
  5828 | D:6      | Killed Pikel the blink frog
  5828 | D:6      | Reached skill level 1 in Shields
  5828 | D:6      | Reached XP level 8. HP: 26/70 MP: 8/8
  6355 | D:6      | Noticed Menkaure
  6366 | D:6      | Killed Menkaure
  6422 | D:6      | Found a shadowy altar of Dithmenos.
  6444 | D:6      | XOM: give mutations
  6444 | D:6      | Gained mutation: You have sharp fingernails. [Xom's grace]
  6444 | D:6      | Gained mutation: Your movements are slightly less
                  | encumbered by armour. (ER -2) [Xom's grace]
  6444 | D:6      | Gained mutation: You are resistant to hostile enchantments.
                  | (MR+) [Xom's grace]
  6444 | D:6      | Gained mutation: You are agile. (Dex +2) [Xom's grace]
  6633 | D:7      | XOM: smoke on damage
  6667 | D:6      | XOM: scenery: create altars
  6670 | D:6      | Reached skill level 1 in Evocations
  6767 | D:7      | Noticed Prince Ribbit
  6780 | D:7      | Killed Prince Ribbit
  6780 | D:7      | Reached skill level 7 in Fighting
  6780 | D:7      | Reached XP level 9. HP: 68/79 MP: 8/10
  6817 | D:7      | Found a hazy altar of Hepliaklqana.
  6854 | D:7      | XOM: god gift: ration
  6894 | D:6      | XOM: potion effect (agility)
  6895 | D:6      | XOM: cast spell 'Summon Butterflies'
  7041 | D:7      | You fall through a shaft for 2 floors!
  7122 | D:9      | XOM: potion effect (invisibility)
  7142 | D:9      | Found Ziopt's Antique Weapon Shop.
  7149 | D:9      | Reached skill level 10 in Long Blades
  7161 | D:9      | XOM: silly message
  7168 | D:9      | Found Aciuveh's Distillery.
  7177 | D:9      | Bought a potion of heal wounds for 75 gold pieces
  7177 | D:9      | Bought a potion of lignification for 45 gold pieces
  7203 | D:8      | XOM: summons 4 hostile demons
  7219 | D:8      | Found a staircase to the Lair.
  7225 | D:8      | XOM: summons friendly quasit
  7245 | D:8      | XOM: cast spell 'Summon Mana Viper'
  7252 | D:8      | XOM: cloud trail
  7436 | D:8      | XOM: polymorph porcupine -> hound
  7457 | D:8      | XOM: fog
  7466 | D:8      | Reached skill level 8 in Fighting
  7468 | D:8      | XOM: potion effect (brilliance)
  7621 | D:7      | XOM: god gift: wand of clouds (7)
  7789 | D:7      | Noticed Duvessa
  7789 | D:7      | Noticed Dowan
  7803 | D:7      | XOM: give mutations
  7803 | D:7      | Gained mutation: Your mind is acute. (Int +2) [Xom's grace]
  7803 | D:7      | Gained mutation: Your flesh is heat resistant. (rF+) [Xom's
                  | grace]
  7803 | D:7      | Gained mutation: You possess an exceptional clarity of
                  | mind. [Xom's grace]
  7803 | D:7      | Gained mutation: You are somewhat resistant to further
                  | mutation. [Xom's grace]
  7807 | D:7      | Killed Duvessa
  7827 | D:7      | Killed Dowan
  7875 | D:8      | XOM: cast spell 'Leda's Liquefaction'
  7979 | D:8      | Reached XP level 10. HP: 90/90 MP: 13/13
  7991 | D:8      | XOM: summons 3 friendly demons
  8017 | D:8      | XOM: god gift: 650 gold pieces
  8324 | D:8      | XOM: destruction
  8336 | D:8      | XOM: destruction
  8660 | D:8      | Found Fucolyics's Demolitions Depot.
  8677 | D:8      | XOM: god gift: sedimented emerald potion {god gift}
  8723 | D:8      | Reached skill level 5 in Evocations
  8919 | D:8      | XOM: mild Conj miscast
  8960 | D:9      | Reached skill level 9 in Fighting
  9010 | D:9      | XOM: god gift: long glowing staff {god gift}
  9069 | D:9      | Found Odeit's General Store.
  9070 | D:9      | Found Woforaor's Weapon Shop.
  9077 | D:9      | Got a distressingly furry robe
  9414 | D:9      | Found a sparkling altar of Nemelex Xobeh.
  9836 | D:10     | Entered Level 10 of the Dungeon
  9836 | D:10     | Noticed a two-headed ogre
  9845 | D:10     | Killed a two-headed ogre
  9847 | D:10     | XOM: cleaving
  9854 | D:10     | Reached skill level 5 in Dodging
  9935 | D:10     | XOM: summons 10 friendly demons
  9962 | D:10     | Reached skill level 10 in Fighting
  9964 | D:10     | XOM: give mutation
  9964 | D:10     | Gained mutation: Your mind is very acute. (Int +4) [Xom's
                  | grace]
  9989 | D:10     | XOM: fog
 10040 | D:10     | XOM: potion effect (brilliance)
 10052 | D:10     | XOM: summons friendly chaos spawn
 10074 | D:10     | Reached XP level 11. HP: 100/100 MP: 11/14
 10093 | D:10     | Reached skill level 10 in Armour
 10103 | D:10     | XOM: summons friendly shadow imp
 10218 | D:10     | XOM: confuse monster(s)
 10520 | Lair:1   | Entered Level 1 of the Lair of Beasts
 10552 | Lair:1   | XOM: 10-stop teleportation journey
 10614 | Lair:1   | XOM: blink monster(s)
 10623 | Lair:1   | XOM: smoke on damage
 10915 | Lair:1   | XOM: summons friendly crimson imp
 10927 | Lair:1   | XOM: potion effect (curing)
 10928 | Lair:1   | XOM: divination: detect items
 10929 | Lair:1   | XOM: god gift: ration
 10930 | Lair:1   | XOM: scenery: create altars
 10933 | Lair:1   | XOM: polymorph wolf -> swamp drake
 10940 | Lair:1   | XOM: summons friendly shadow imp
 10957 | Lair:1   | XOM: summons 9 friendly demons
 10969 | Lair:1   | Reached skill level 11 in Fighting
 11353 | Lair:2   | XOM: cast spell 'Discord'
 11359 | Lair:2   | XOM: give mutations
 11359 | Lair:2   | Lost mutation: You have a somewhat thin skeletal structure.
                  | (Dex +2, Stealth) [Xom's mischief]
 11359 | Lair:2   | Lost mutation: You possess an exceptional clarity of mind.
                  | [Xom's mischief]
 11402 | Lair:2   | You fall through a shaft for 2 floors!
 11415 | Lair:4   | XOM: cast spell 'Summon Hydra'
 11538 | Lair:4   | XOM: enchant monster (good)
 11553 | Lair:4   | XOM: confuse monster(s)
 11620 | Lair:4   | XOM: enchant monster (bad)
 11717 | Lair:2   | XOM: potion effect (agility)
 11730 | Lair:3   | XOM: confusion
 11732 | Lair:3   | XOM: medium Hex miscast
 11753 | Lair:2   | XOM: give mutations
 11753 | Lair:2   | Lost mutation: Your flesh is heat resistant. (rF+) [Xom's
                  | mischief]
 11753 | Lair:2   | Lost mutation: You are partially covered in molten scales.
                  | (AC +2) [Xom's mischief]
 11753 | Lair:2   | Gained mutation: Armour fits poorly on your strangely
                  | shaped body. [Xom's mischief]
 11753 | Lair:2   | Lost mutation: Your mind is very acute. (Int +4) [Xom's
                  | mischief]
 11769 | Lair:2   | Found a frozen archway.
 11774 | IceCv    | Entered an ice cave
 11803 | IceCv    | XOM: swap monsters
 11804 | IceCv    | Reached skill level 12 in Fighting
 11962 | IceCv    | Noticed a white ugly thing
 11970 | IceCv    | XOM: noise
 11987 | IceCv    | Killed a white ugly thing
 12029 | IceCv    | XOM: mild Tloc miscast
 12574 | IceCv    | Reached XP level 12. HP: 70/113 MP: 10/15
 12748 | IceCv    | XOM: give mutations
 12748 | IceCv    | Lost mutation: You are agile. (Dex +2) [Xom's mischief]
 12748 | IceCv    | Gained mutation: Your body sometimes deteriorates upon
                  | taking damage. [Xom's mischief]
 12909 | IceCv    | XOM: confusion (+ monsters)
 12910 | IceCv    | XOM: enchant monster (bad)
 12913 | IceCv    | XOM: summons 6 hostile demons
 12961 | IceCv    | XOM: cast spell 'Discord'
 13221 | IceCv    | XOM: mild Conj miscast
 13241 | IceCv    | XOM: cast spell 'Ring of Flames'
 13242 | IceCv    | XOM: enchant monster (good)
 13258 | IceCv    | XOM: divine lightning
 13396 | IceCv    | XOM: fake destruction
 13408 | IceCv    | XOM: destruction
 13412 | IceCv    | XOM: destruction
 13433 | IceCv    | XOM: give mutations
 13433 | IceCv    | Gained mutation: You have very sharp teeth. [Xom's grace]
 13433 | IceCv    | Gained mutation: You have sharp toenails. [Xom's grace]
 13433 | IceCv    | Gained mutation: You possess an exceptional clarity of
                  | mind. [Xom's grace]
 13433 | IceCv    | Gained mutation: Your mind is very acute. (Int +4) [Xom's
                  | grace]
 13512 | IceCv    | XOM: god gift: thick glowing staff {god gift}
 13996 | Lair:1   | XOM: smoke on damage
 13996 | Lair:1   | Paralysed by a hornet for 2 turns
 14433 | Lair:2   | XOM: snakes to sticks
 14473 | Lair:1   | Reached skill level 13 in Fighting
 14714 | Lair:1   | XOM: give mutations
 14714 | Lair:1   | Gained mutation: You passively map a small area around you.
                  | [Xom's grace]
 14714 | Lair:1   | Gained mutation: You are partially covered in thin metallic
                  | scales. (AC +2) [Xom's grace]
 14714 | Lair:1   | Lost mutation: You are somewhat resistant to further
                  | mutation. [Xom's grace]
 14714 | Lair:1   | Gained mutation: You evolve. [Xom's grace]
 15142 | Lair:2   | XOM: potion effect (might)
 15142 | Lair:2   | Noticed a queen ant
 15147 | Lair:1   | Reached skill level 1 in Throwing
 15147 | Lair:1   | Reached skill level 10 in Dodging
 15163 | Lair:2   | XOM: cleaving
 15167 | Lair:2   | XOM: summons friendly iron imp
 15222 | Lair:2   | XOM: destruction
 15231 | Lair:2   | Killed a queen ant
 15459 | Lair:1   | XOM: scenery: create altars
 15472 | Lair:1   | XOM: scenery: 1 doors open
 15477 | Lair:1   | XOM: noise
 15479 | Lair:1   | XOM: swap monsters
 15595 | Lair:2   | XOM: mild Hex miscast
 15793 | Lair:2   | Found a staircase to the Snake Pit.
 15812 | Lair:2   | XOM: stat loss: -1 Int (16/17)
 15865 | Lair:2   | XOM: give mutations
 15865 | Lair:2   | Lost mutation: You possess an exceptional clarity of mind.
                  | [Xom's mischief]
 15865 | Lair:2   | Lost mutation: You expend magic power (3 MP) to strengthen
                  | your wands. [Xom's mischief]
 15900 | Lair:2   | XOM: summons 5 hostile demons
 15910 | Lair:2   | XOM: 1-stop teleportation journey
 15920 | Lair:2   | XOM: mild Pois miscast
 15962 | Lair:2   | XOM: divination: detect items
 15966 | Lair:2   | XOM: cast spell 'Ring of Flames'
 16047 | Lair:2   | XOM: enchant monster (bad)
 16104 | Lair:2   | XOM: cloud trail
 16255 | Lair:2   | Reached skill level 5 in Throwing
 16306 | Lair:2   | XOM: noise
 16421 | Lair:2   | XOM: divination: detect creatures
 16536 | Lair:3   | Noticed a six-headed hydra
 16546 | Lair:3   | Killed a six-headed hydra
 16764 | Lair:3   | XOM: divination: detect items
 17020 | Lair:3   | XOM: divination: detect creatures
 17096 | Lair:3   | XOM: mild Necr miscast
 17160 | Lair:3   | Gained mutation: You can hop long distances. [Barachi
                  | growth]
 17160 | Lair:3   | Reached XP level 13. HP: 105/121 MP: 16/16
 18055 | Lair:4   | Found a staircase to the Shoals.
 18085 | Lair:4   | XOM: confuse monster(s)
 18195 | Lair:4   | XOM: divination: magic mapping
 18248 | Lair:3   | XOM: give mutations
 18248 | Lair:3   | Lost mutation: Armour fits poorly on your strangely shaped
                  | body. [Xom's mischief]
 18248 | Lair:3   | Lost mutation: Your body sometimes deteriorates upon taking
                  | damage. [Xom's mischief]
 18248 | Lair:3   | Lost mutation: Your mind is very acute. (Int +4) [Xom's
                  | mischief]
 18248 | Lair:3   | Lost mutation: You are resistant to hostile enchantments.
                  | (MR+) [Xom's mischief]
 18297 | Lair:4   | XOM: god gift: ration
 18421 | Lair:4   | XOM: polymorph wolf -> killer bee
 18781 | Lair:4   | XOM: divination: magic mapping
 18928 | Lair:4   | XOM: fog
 18937 | Lair:4   | XOM: cast spell 'Monstrous Menagerie'
 19339 | Lair:5   | XOM: cleaving
 19341 | Lair:5   | XOM: 6-stop teleportation journey
 19377 | Lair:5   | XOM: enchant monster (good)
 19456 | Lair:5   | XOM: 3-stop teleportation journey
 19550 | Lair:5   | XOM: scenery: create altars
 19562 | Lair:5   | XOM: potion effect (curing)
 19563 | Lair:5   | XOM: cleaving
 19670 | Lair:5   | Noticed Sonja
 19672 | Lair:5   | Noticed Sonja
 19672 | Lair:5   | Sonja changed into Sonja the hornet
 19689 | Lair:5   | Killed Sonja the hornet
 19719 | Lair:5   | XOM: summons friendly quasit
 19738 | Lair:5   | XOM: polymorph basilisk -> meliai
 19898 | Lair:5   | XOM: 1-stop teleportation journey
 19929 | Lair:5   | XOM: polymorph water moccasin -> human
 19934 | Lair:5   | XOM: 3-stop teleportation journey
 20004 | Lair:5   | XOM: noise
 20088 | Lair:5   | XOM: harmless Chrm miscast
 20321 | Lair:5   | XOM: confusion
 20367 | Lair:5   | XOM: mild Erth miscast
 20475 | Lair:5   | XOM: enchant monster (bad)
 20482 | Lair:5   | XOM: harmless Pois miscast
 20483 | Lair:5   | XOM: enchant monster (bad)
 20506 | Lair:5   | XOM: swap monsters
 20507 | Lair:5   | Noticed Nessos
 20520 | Lair:5   | XOM: blink monster(s)
 20522 | Lair:5   | Noticed Nessos
 20522 | Lair:5   | Nessos changed into Nessos the deep troll
 20524 | Lair:5   | XOM: summons 7 friendly demons
 20532 | Lair:5   | XOM: mild Erth miscast
 20533 | Lair:5   | XOM: torment (48/122 hp)
 20534 | Lair:5   | XOM: noise
 20898 | Lair:5   | Noticed Nessos
 20898 | Lair:5   | Nessos the deep troll changed into Nessos the ettin
 20903 | Lair:5   | Noticed Nessos
 20903 | Lair:5   | Nessos the ettin changed into Nessos the ice dragon
 20909 | Lair:5   | XOM: potion effect (haste)
 20914 | Lair:5   | XOM: potion effect (agility)
 20920 | Lair:5   | XOM: harmless Hex miscast
 20921 | Lair:5   | XOM: divination: detect items
 20928 | Lair:5   | XOM: divination: detect items
 20930 | Lair:5   | XOM: potion effect (invisibility)
 20938 | Lair:5   | Killed Nessos the ice dragon
 20988 | Lair:5   | Found a viscous altar of Jiyva.
 20988 | Lair:5   | Found a staircase to the Slime Pits.
 21068 | Lair:5   | XOM: god gift: ration
 21072 | Lair:5   | XOM: potion effect (agility)
 21074 | Lair:5   | XOM: divination: magic mapping
 21076 | Lair:5   | Reached skill level 15 in Armour
 21119 | Lair:5   | XOM: noise
 21143 | Lair:5   | XOM: harmless Conj miscast
 21152 | Lair:5   | XOM: summons 9 friendly demons
 21190 | Lair:5   | Reached XP level 14. HP: 113/129 MP: 14/17
 21199 | Lair:5   | XOM: scenery: create altars
 21303 | Lair:5   | XOM: god gift: scroll of enchant armour
 21304 | Lair:5   | XOM: enchant monster (good)
 21320 | Lair:5   | XOM: polymorph catoblepas -> something unseen
 21347 | Lair:5   | Noticed Josephine
 21388 | Lair:5   | Killed Josephine
 21393 | Lair:5   | XOM: cast spell 'Metabolic Englaciation'
 21396 | Lair:5   | XOM: cast spell 'Death Channel'
 21408 | Lair:5   | XOM: harmless Tloc miscast
 21556 | Lair:5   | Killed a ghost moth
 21556 | Lair:5   | XOM: scenery: create altars
 21936 | Lair:6   | Entered Level 6 of the Lair of Beasts
 21975 | Lair:5   | XOM: noise
 21996 | Lair:5   | XOM: divination: magic mapping
 22023 | Lair:5   | XOM: confusion (+ monsters)
 22031 | Lair:5   | XOM: harmless Ice miscast
 22033 | Lair:5   | XOM: blink monster(s)
 22076 | Lair:6   | XOM: divination: detect creatures
 22088 | Lair:5   | XOM: cast spell 'Call Canine Familiar'
 22464 | Lair:6   | XOM: enchant monster (good)
 22471 | Lair:6   | XOM: cast spell 'Monstrous Menagerie'
 22691 | Lair:6   | XOM: god gift: potion of agility
 22781 | Lair:6   | XOM: polymorph rime drake -> tengu
 22879 | Lair:6   | XOM: 1-stop teleportation journey
 22891 | Lair:6   | XOM: fog
 22924 | Lair:5   | XOM: harmless Ice miscast
 22945 | Lair:5   | XOM: repel stairs
 22955 | Lair:5   | Noticed a quicksilver dragon
 22955 | Lair:5   | a death yak changed into a quicksilver dragon
 22955 | Lair:5   | XOM: polymorph death yak -> quicksilver dragon
 22956 | Lair:5   | are you fucking kidding me
 22967 | Lair:5   | Killed a quicksilver dragon
 23082 | Lair:5   | Lost mutation: You have sharp fingernails. [evolution]
 23173 | Lair:6   | XOM: summons 7 hostile demons
 23189 | Lair:6   | XOM: blink monster(s)
 23203 | Lair:5   | XOM: summons 4 friendly demons
 23212 | Lair:5   | XOM: draining
 23218 | Lair:5   | XOM: repel stairs
 23259 | Lair:5   | XOM: severe Fire miscast
 23699 | Lair:6   | XOM: summons 4 hostile shadow creatures
 23902 | Lair:6   | XOM: enchant monster (bad)
 23999 | Lair:6   | XOM: give mutations
 23999 | Lair:6   | Lost mutation: Your mind is acute. (Int +2) [Xom's
                  | mischief]
 23999 | Lair:6   | Lost mutation: You have sharp toenails. [Xom's mischief]
 23999 | Lair:6   | Lost mutation: You are robust. (+10% HP) [Xom's mischief]
 24074 | Lair:6   | XOM: confusion (+ monsters)
 24114 | Lair:6   | XOM: summons 2 hostile shadow creatures
 24169 | Lair:6   | XOM: medium Necr miscast
 24304 | Lair:6   | XOM: polymorph seven-headed hydra -> satyr
 24305 | Lair:6   | "might"!
 24491 | Lair:6   | Noticed a dire elephant
 24504 | Lair:6   | Noticed a dire elephant
 24512 | Lair:6   | XOM: give mutations
 24512 | Lair:6   | Gained mutation: You are partially covered in large bone
                  | plates. (SH +4) [Xom's mischief]
 24512 | Lair:6   | Gained mutation: Your body sometimes deteriorates upon
                  | taking damage. [Xom's mischief]
 24512 | Lair:6   | Gained mutation: Your magical capacity is low. (-10% MP)
                  | [Xom's mischief]
 24513 | Lair:6   | Noticed a fire giant
 24513 | Lair:6   | a dire elephant changed into a fire giant
 24513 | Lair:6   | XOM: polymorph dire elephant -> fire giant
 24621 | Lair:6   | XOM: summons 1 hostile demon
 24642 | Lair:6   | XOM: give mutations
 24642 | Lair:6   | Gained mutation: You are weak. (Str -2) [Xom's mischief]
 24642 | Lair:6   | Gained mutation: You are dopey. (Int -2) [Xom's mischief]
 24642 | Lair:6   | Lost mutation: Your magical capacity is low. (-10% MP)
                  | [Xom's mischief]
 24706 | Lair:6   | XOM: summons 2 hostile demons
 25202 | D:11     | XOM: medium Chrm miscast
 25405 | D:11     | XOM: medium Hex miscast
 25608 | D:11     | XOM: harmless Tmut miscast
 25675 | D:11     | XOM: divination: detect items
 25748 | D:11     | Found a staircase to the Orcish Mines.
 25780 | D:11     | XOM: cast spell 'Ring of Flames'
 25793 | D:11     | XOM: divination: detect creatures
 25815 | D:11     | XOM: cast spell 'Summon Mana Viper'
 25871 | D:11     | XOM: harmless Tmut miscast
 25946 | D:11     | Found the +3 hat of Pondering {ponderous, MR+ MP+10 Int+5}
 26066 | D:11     | Found a portal to a secret trove of treasure.
 26153 | D:11     | XOM: medium Fire miscast
 26212 | D:11     | XOM is BORED!
 26212 | D:11     | XOM: give mutations
 26212 | D:11     | Lost mutation: Your body sometimes deteriorates upon taking
                  | damage. [Xom's mischief]
 26212 | D:11     | Lost mutation: Your movements are slightly less encumbered
                  | by armour. (ER -2) [Xom's mischief]
 26212 | D:11     | Gained mutation: Your body sometimes deteriorates upon
                  | taking damage. [Xom's mischief]
 26212 | D:11     | Lost mutation: You are dopey. (Int -2) [Xom's mischief]
 26472 | D:12     | XOM: enchant monster (good)
 26482 | D:12     | Reached XP level 15. HP: 115/124 MP: 16/18
 26927 | D:12     | Noticed Urug
 26940 | D:12     | XOM: blink monster(s)
 26967 | D:12     | Killed Urug
 26979 | D:12     | fuck this I'm going M&F
 27112 | D:12     | Found Maopeq's Weapon Boutique.
 27168 | D:12     | LUL
 27168 | D:12     | Bought the +8 demon blade "Leech" {vamp, rN+ AC-3 EV-3} for
                  | 1020 gold pieces
 27168 | D:12     | Found the +8 demon blade "Leech" {vamp, rN+ AC-3 EV-3}
 27191 | D:12     | XOM: noise
 27260 | D:12     | XOM: harmless Air miscast
 27390 | D:12     | Found a blossoming altar of Fedhas.
 27481 | D:12     | XOM: summons 1 hostile shadow creature
 27489 | D:12     | well I'm still going lb
 27602 | D:12     | XOM: god gift: 38 gold pieces
 28122 | D:13     | Identified a scroll of acquirement
 28135 | D:13     | Identified a +1 pair of boots of running (You acquired it
                  | on level 13 of the Dungeon)
 28141 | D:13     | I'm a normal species now!!!!!
 28204 | D:13     | XOM: harmless Hex miscast
 28309 | D:13     | XOM: potion effect (haste)
 28415 | D:13     | Reached skill level 14 in Fighting
 28707 | D:13     | XOM: potion effect (agility)
 28746 | D:13     | XOM: harmless Erth miscast
 29118 | D:14     | Found a burning altar of Makhleb.
 29127 | D:14     | Found Yheghuo's Magic Scroll Shoppe.
 29151 | D:14     | Bought a scroll of teleportation for 42 gold pieces
 29151 | D:14     | Bought a scroll of fog for 28 gold pieces
 29151 | D:14     | Bought a scroll of magic mapping for 49 gold pieces
 29167 | D:14     | Found a glowing golden altar of the Shining One.
 29173 | D:14     | XOM: harmless Tmut miscast
 29366 | D:14     | XOM: potion effect (berserk rage)
 29370 | D:14     | XOM: blink monster(s)
 29512 | D:14     | Noticed Agnes
 29527 | D:14     | Killed Agnes
 29694 | D:14     | Identified the ring "Ewnut" {rPois rC+ rN++ EV+4} (You
                  | acquired it on level 14 of the Dungeon)
 29916 | D:14     | XOM: harmless Erth miscast
 29968 | D:14     | Gained mutation: You are agile. (Dex +2) [evolution]
 30007 | D:14     | XOM: harmless Fire miscast
 30051 | D:14     | Found a gate to the Vaults.
 30052 | D:14     | XOM: harmless Necr miscast
 30065 | D:14     | XOM: harmless Air miscast
 30071 | D:14     | XOM: fog
 30092 | D:14     | Reached skill level 15 in Fighting
 30144 | D:14     | XOM: summons 4 friendly demons
 30163 | D:14     | Noticed Snorg
 30174 | D:14     | XOM: silly message
 30178 | D:14     | Killed Snorg
 30241 | D:14     | XOM: confusion (+ monsters)
 30244 | D:14     | XOM: cleaving
 30245 | D:14     | Reached skill level 5 in Shields
 30506 | D:14     | Identified the Compendium of the Quantum Blaze
 30508 | D:14     | Identified Lukufeto's Disquisition on Lightness and
                  | Creation
 30547 | D:15     | Entered Level 15 of the Dungeon
 30587 | D:15     | XOM: noise
 30594 | D:15     | XOM: confusion
 30866 | D:15     | XOM: god gift: trident {god gift}
 30960 | D:15     | Found a sacrificial altar of Ru.
 30976 | D:15     | XOM: cloud trail
 30982 | D:15     | Noticed Kirke
 31007 | D:15     | Killed Kirke
 31042 | D:15     | XOM: mild Ice miscast
 31053 | D:15     | Paralysed by an ogre mage for 5 turns
 31061 | D:15     | Paralysed by an ogre mage for 2 turns
 31131 | D:15     | XOM: mild Chrm miscast
 31134 | D:15     | Reached XP level 16. HP: 136/136 MP: 13/19
 31226 | D:15     | XOM: cast spell 'Summon Butterflies'
 31273 | D:15     | Noticed an azure jelly
 31273 | D:15     | a catoblepas changed into an azure jelly
 31288 | D:15     | Killed an azure jelly
 31293 | D:15     | Found a staircase to the Depths.
 31300 | D:15     | XOM: harmless Hex miscast
 31336 | D:15     | XOM: confuse monster(s)
 31339 | D:15     | XOM: potion effect (agility)
 31342 | D:15     | XOM: divination: magic mapping
 31342 | D:15     | Reached skill level 10 in Shields
 31356 | D:15     | XOM: potion effect (berserk rage)
 31611 | D:15     | XOM: noise
 31964 | D:15     | XOM: cast spell 'Summon Horrible Things'
 32179 | Orc:1    | Entered Level 1 of the Orcish Mines
 32271 | Orc:1    | XOM: fake destruction
 32481 | Orc:1    | XOM: smoke on damage
 32501 | Orc:1    | XOM: scenery: create altars
 32516 | Orc:1    | XOM: summons friendly shadow imp
 32517 | Orc:1    | XOM: summons friendly ufetubus
 32518 | Orc:1    | XOM: scenery: create altars
 32560 | Orc:1    | XOM: scenery: create altars
 32610 | Orc:1    | XOM: god gift: potion of curing
 32772 | Orc:2    | Entered Level 2 of the Orcish Mines
 32884 | Orc:2    | XOM: chaos upgrade
 32886 | Orc:2    | XOM: polymorph centaur -> sky beast
 32889 | Orc:2    | Found a staircase to the Elven Halls.
 33191 | Orc:2    | XOM: blink monster(s)
 33399 | Orc:2    | Found a roughly hewn altar of Beogh.
 33636 | Orc:2    | XOM: potion effect (magic)
 33651 | Orc:2    | Found Rinim Dih's Gadget Boutique.
 33651 | Orc:2    | Found Befuuquf's Jewellery Emporium.
 33651 | Orc:2    | Found Zuwnumom's Gadget Shoppe.
 33686 | Orc:2    | Found Qyesmib's General Store.
 33781 | Orc:2    | Bought a +6 amulet of reflection for 994 gold pieces
 33950 | Snake:1  | Entered Level 1 of the Snake Pit
 34190 | Snake:1  | XOM: potion effect (might)
 34216 | Snake:1  | XOM: harmless Conj miscast
 34238 | Snake:1  | Lost mutation: Your body sometimes deteriorates upon taking
                  | damage. [evolution]
 34252 | Snake:1  | XOM: potion effect (berserk rage)
 34602 | Snake:1  | XOM: summons friendly shadow imp
 34667 | Snake:1  | XOM: summons friendly iron imp
 35083 | Snake:1  | XOM: god gift: book of Clouds
 35114 | Snake:2  | XOM: harmless Pois miscast
 35178 | Snake:2  | XOM: torment (92/136 hp)
 35310 | Snake:2  | XOM: divine lightning
 35595 | Snake:2  | XOM: chaos cloud
 35723 | Snake:2  | XOM: summons 8 hostile demons
 35740 | Snake:2  | XOM: noise
 35802 | Snake:2  | XOM: summons 5 friendly demons
 35804 | Snake:2  | XOM: polymorph anaconda -> fire dragon
 35839 | Snake:3  | XOM: mild Ice miscast
 35848 | Snake:3  | XOM: confusion (+ monsters)
 35871 | Snake:3  | XOM: medium Summ miscast
 35882 | Snake:3  | XOM: confuse monster(s)
 35945 | Snake:3  | XOM: blink monster(s)
 35946 | Snake:3  | XOM: blink monster(s)
 35950 | Snake:3  | XOM: summons 2 hostile shadow creatures
 35951 | Snake:3  | XOM: polymorph black mamba -> yaktaur
 35953 | Snake:3  | XOM: smoke on damage
 35955 | Snake:3  | Reached XP level 17. HP: 130/142 MP: 7/20
 36021 | Snake:2  | XOM: mild Conj miscast
 36034 | Snake:3  | XOM: cast spell 'Alistair's Intoxication'
 36056 | Snake:3  | XOM: mild Necr miscast
 36140 | Snake:3  | XOM: harmless Fire miscast
 36271 | Snake:3  | XOM: summons friendly quasit
 36276 | Snake:3  | XOM: cast spell 'Summon Ice Beast'
 36322 | Snake:3  | XOM: summons friendly iron imp
 36324 | Snake:3  | XOM: cast spell 'Dispersal'
 36328 | Snake:3  | XOM: potion effect (heal wounds)
 36329 | Snake:3  | XOM: blink monster(s)
 36366 | Snake:3  | XOM: summons friendly quasit
 36458 | Snake:3  | Reached skill level 16 in Fighting
 36638 | Snake:3  | XOM: divination: magic mapping
 36654 | Snake:3  | XOM: potion effect (invisibility)
 36794 | Snake:3  | Found a runed door.
 36961 | Snake:3  | Found an ornate altar of the Wu Jian Council.
 37195 | Snake:3  | XOM: potion effect (haste)
 37272 | Snake:3  | XOM: summons 2 friendly demons
 37276 | Snake:3  | XOM: summons 1 friendly demon
 37284 | Snake:3  | XOM: summons friendly white imp
 37321 | Snake:3  | XOM: summons friendly ufetubus
 37416 | Snake:3  | Got a dazzling glaive
 37417 | Snake:3  | Identified the +6 glaive of Muicany {chop, *Rage rElec
                  | rPois Int+4 Dex+2} (You found it on level 3 of the Snake
                  | Pit)
 37573 | Snake:4  | Entered Level 4 of the Snake Pit
 37705 | Snake:4  | XOM: blink monster(s)
 37782 | Snake:4  | XOM: 1-stop teleportation journey
 37800 | Snake:4  | XOM: enchant monster (good)
 37871 | Snake:4  | XOM: noise
 37875 | Snake:4  | XOM: scenery: create altars
 37885 | Snake:4  | XOM: polymorph naga mage -> golden eye
 37915 | Snake:4  | XOM: enchant monster (bad)
 37919 | Snake:4  | Noticed Vashnia
 37975 | Snake:4  | XOM: silly message
 38115 | Snake:4  | XOM: cast spell 'Summon Hydra'
 38119 | Snake:4  | XOM: divine lightning
 38124 | Snake:4  | XOM: polymorph four-headed hydra -> entropy weaver
 38141 | Snake:4  | Killed Vashnia
 38279 | Snake:4  | XOM: mild Fire miscast
 38536 | Snake:4  | XOM: summons 2 hostile shadow creatures
 38576 | Snake:4  | XOM: divine lightning
 38581 | Snake:4  | Lost mutation: You are agile. (Dex +2) [evolution]
 38590 | Snake:4  | XOM: cleaving
 38595 | Snake:4  | Reached skill level 15 in Dodging
 38620 | Snake:4  | Reached skill level 15 in Shields
 38638 | Snake:4  | XOM: enchant monster (bad)
 38669 | Snake:4  | ok work this time, no golden eyes pls
 38669 | Snake:4  | XOM: fake destruction
 38680 | Snake:4  | XOM: scenery: create altars
 38680 | Snake:4  | Reached skill level 17 in Fighting
 38680 | Snake:4  | Reached XP level 18. HP: 79/154 MP: 12/21
 38684 | Snake:4  | XOM: destruction
 38696 | Snake:4  | XOM: summons friendly iron imp
 38897 | Snake:3  | XOM: harmless Hex miscast
 39078 | Snake:4  | XOM: blink monster(s)
 39087 | Snake:3  | XOM: snakes to sticks
 39108 | Snake:4  | XOM: confusion
 39109 | Snake:4  | fuck you
 39111 | Snake:4  | XOM: blink monster(s)
 39120 | Snake:4  | XOM: cast spell 'Death Channel'
 39125 | Snake:4  | XOM: stat loss: -1 Int (13/14)
 39126 | Snake:4  | XOM: confuse monster(s)
 39151 | Snake:4  | XOM: divination: magic mapping
 39364 | Snake:4  | XOM: summons friendly shadow imp
 39378 | Snake:4  | XOM: scenery: create altars
 39433 | Snake:4  | XOM: divination: magic mapping
 39647 | Snake:4  | Got a serpentine rune of Zot
 40194 | D:11     | back to being barachi again
 40347 | Shoals:1 | Entered Level 1 of the Shoals
 40416 | Shoals:1 | XOM: fake destruction
 40437 | Shoals:1 | XOM: 2-stop teleportation journey
 40472 | Shoals:1 | XOM: summons 2 hostile shadow creatures
 40720 | Shoals:1 | XOM: cast spell 'Dispersal'
 40898 | Shoals:1 | XOM: give mutations
 40898 | Shoals:1 | Gained mutation: You have extremely sharp teeth. [Xom's
                  | grace]
 40898 | Shoals:1 | Gained mutation: You are agile. (Dex +2) [Xom's grace]
 40898 | Shoals:1 | Lost mutation: You evolve. [Xom's grace]
 40898 | Shoals:1 | Gained mutation: You are somewhat resistant to further
                  | mutation. [Xom's grace]
 40991 | Shoals:1 | XOM: harmless Conj miscast
 41014 | Shoals:1 | Identified the +4 large shield of Onuawk {*Drain Str+7
                  | Dex+4}
 41014 | Shoals:1 | Noticed Louise
 41016 | Shoals:1 | XOM: repel stairs
 41032 | Shoals:1 | XOM: silly message
 41066 | Shoals:1 | XOM: harmless Pois miscast
 41070 | Shoals:1 | Killed Louise
 41103 | Shoals:1 | Found a runed door.
 41105 | Shoals:1 | Noticed Nuziceol's ghost (journeyman GrFE)
 41111 | Shoals:1 | XOM: silly message
 41223 | Shoals:1 | XOM: enchant monster (good)
 41224 | Shoals:1 | XOM: summons friendly quasit
 41336 | Shoals:1 | XOM: stat loss: -1 Str (23/24)
 41541 | Shoals:2 | XOM: swap monsters
 41597 | Shoals:2 | Reached skill level 18 in Fighting
 41664 | Shoals:2 | XOM: stat loss: -1 Int (18/19)
 41670 | Shoals:2 | XOM: 2-stop teleportation journey
 41694 | Shoals:2 | XOM: blink monster(s)
 41714 | Shoals:2 | XOM: harmless Ice miscast
 41746 | Shoals:2 | XOM: noise
 41943 | Shoals:2 | XOM: silly message
 42038 | Shoals:2 | XOM: god gift: 5 rations
 42046 | Shoals:2 | XOM: confuse monster(s)
 42282 | Shoals:2 | XOM: harmless Pois miscast
 42301 | Shoals:3 | XOM: stealth player
 42307 | Shoals:3 | XOM: cast spell 'Call Canine Familiar'
 42322 | Shoals:3 | XOM: potion effect (magic)
 42342 | Shoals:3 | XOM: cast spell 'Shadow Creatures'
 42430 | Shoals:3 | XOM: polymorph dream sheep -> komodo dragon
 42434 | Shoals:3 | Reached XP level 19. HP: 164/164 MP: 21/22
 42510 | Shoals:3 | XOM: cloud trail
 42836 | Shoals:3 | XOM: mild Necr miscast
 43066 | Shoals:3 | XOM: god gift: 25 bolts
 43292 | Lair:5   | XOM: mild Conj miscast
 43415 | Lair:5   | XOM: harmless Summ miscast
 43562 | Lair:5   | XOM: potion effect (heal wounds)
 43808 | Shoals:4 | Entered Level 4 of the Shoals
 43878 | Shoals:4 | XOM: silly message
 43885 | Shoals:4 | XOM: enchant monster (good)
 43892 | Shoals:4 | XOM: enchant monster (good)
 43902 | Shoals:4 | Got a shimmering rapier
 43966 | Shoals:4 | XOM: enchant monster (good)
 43972 | Shoals:4 | XOM: summons 2 friendly demons
 43993 | Shoals:4 | Got a barnacled rune of Zot
 44010 | Shoals:4 | XOM: noise
 44176 | Shoals:4 | XOM: cast spell 'Call Canine Familiar'
 44210 | Shoals:4 | XOM: potion effect (agility)
 44211 | Shoals:4 | Noticed Ilsuiw
 44231 | Shoals:4 | XOM: enchant monster (good)
 44233 | Shoals:4 | XOM: cast spell 'Summon Horrible Things'
 44255 | Shoals:4 | XOM: summons 2 friendly demons
 44272 | Shoals:4 | XOM: potion effect (berserk rage)
 44282 | Shoals:4 | Killed Ilsuiw
 44433 | Shoals:4 | Reached skill level 19 in Fighting
 44468 | Shoals:4 | XOM: potion effect (berserk rage)
 44613 | Shoals:4 | XOM: potion effect (berserk rage)
 44783 | Shoals:4 | XOM: give mutations
 44783 | Shoals:4 | Gained mutation: You occasionally shout uncontrollably at
                  | your foes. [Xom's mischief]
 44783 | Shoals:4 | Gained mutation: You are resistant to hostile enchantments.
                  | (MR+) [Xom's mischief]
 44783 | Shoals:4 | Lost mutation: You have extremely sharp teeth. [Xom's
                  | mischief]
 44800 | Shoals:4 | XOM: confuse monster(s)
 44852 | Shoals:4 | XOM: harmless Fire miscast
 44856 | Shoals:4 | XOM: noise
 44863 | Shoals:4 | XOM: summons 5 friendly demons
 45143 | Shoals:4 | Got a wavering ivory amulet
 45242 | Shoals:4 | XOM: give mutation
 45242 | Shoals:4 | Lost mutation: You are agile. (Dex +2) [Xom's mischief]
 45317 | Shoals:4 | XOM: give mutations
 45317 | Shoals:4 | Gained mutation: You are clumsy. (Dex -2) [Xom's mischief]
 45317 | Shoals:4 | Lost mutation: You are clumsy. (Dex -2) [Xom's mischief]
 45575 | Orc:1    | XOM: summons 7 hostile demons
 45623 | Elf:1    | Entered Level 1 of the Elven Halls
 45713 | Elf:1    | XOM: noise
 45720 | Elf:1    | Found Hiumotau's Food Boutique.
 45791 | Elf:1    | XOM: mild Ice miscast
 45795 | Elf:1    | XOM: chaos cloud
 45952 | Elf:1    | XOM: swap monsters
 45960 | Elf:1    | XOM: divination: detect items
 46005 | Elf:1    | XOM: polymorph deep elf mage -> wind drake
 46345 | Elf:1    | XOM: noise
 46460 | Elf:1    | XOM: summons friendly iron imp
 46508 | Elf:1    | XOM: enchant monster (bad)
 46542 | Elf:1    | XOM: potion effect (curing)
 46562 | Elf:1    | XOM: swap monsters
 46767 | Elf:1    | Noticed a Hell Sentinel
 46787 | Elf:1    | Identified Okhli's Collected Works on Attacks and Slavery
 46851 | Elf:2    | XOM: scenery: create altars
 46981 | Elf:2    | XOM: summons 3 hostile shadow creatures
 47006 | Elf:2    | XOM: enchant monster (bad)
 47015 | Elf:2    | XOM: medium Necr miscast
 47016 | Elf:2    | XOM: summons 7 friendly demons
 47209 | Elf:2    | Noticed Roxanne
 47213 | Elf:2    | XOM: swap monsters
 47395 | Orc:2    | XOM: summons 5 hostile demons
 47668 | Elf:1    | XOM: give mutation
 47668 | Elf:1    | Gained mutation: Your spells are a little easier to cast,
                  | but a little less powerful. [Xom's mischief]
 47833 | Elf:2    | Identified the amulet "Kimodgh" {Acrobat rN++ Dex+8 SInv
                  | Stlth-} (You found it on level 4 of the Shoals)
 47839 | Elf:2    | Reached XP level 20. HP: 174/174 MP: 23/23
 47923 | Elf:2    | XOM: harmless Necr miscast
 48042 | Elf:2    | Found a huge runed gate.
 48042 | Elf:2    | Found a huge runed gate.
 48042 | Elf:2    | Found a huge runed gate.
 48042 | Elf:2    | Found a huge runed gate.
 48043 | Elf:2    | Found a huge runed gate.
 48251 | Elf:3    | Entered Level 3 of the Elven Halls
 48312 | Elf:3    | XOM: cast spell 'Cause Fear'
 48475 | Elf:3    | Got a smoking triple crossbow
 48476 | Elf:3    | Identified the +5 triple crossbow "Hexissic" {flame, rElec
                  | Str+4} (You found it on level 3 of the Elven Halls)
 48575 | Elf:3    | XOM: noise
 48671 | Elf:3    | XOM: mild Air miscast
 48672 | Elf:3    | XOM: harmless Summ miscast
 48692 | Elf:3    | XOM: harmless Necr miscast
 49038 | Elf:3    | XOM: harmless Conj miscast
 49108 | Elf:3    | XOM: scenery: 3 doors close
 49128 | Elf:3    | XOM: 1-stop teleportation journey
 49129 | Elf:3    | XOM: god gift: pair of runed gloves {god gift}
 49132 | Elf:3    | XOM: chaos upgrade
 49134 | Elf:3    | Identified the +6 mace of Resourcefulness {vamp, -Tele
                  | rPois Int+6 SInv}
 49134 | Elf:3    | Identified the +1 robe of the Six Blessings {Int+2}
 49136 | Elf:3    | Identified the +7 spear of the Crypt {speed, *Drain Str+4
                  | Dex+2}
 49179 | Elf:3    | XOM: polymorph soul eater -> something unseen
 49198 | Elf:3    | XOM: torment (120/176 hp)
 49315 | Elf:3    | XOM: polymorph deep elf demonologist -> queen ant
 49407 | Elf:3    | Found a runed door.
 49411 | Elf:3    | Noticed lis82's ghost (adept DgFi)
 49467 | Elf:3    | XOM: give mutations
 49467 | Elf:3    | Gained mutation: You are partially covered in yellow
                  | scales. (AC +2) [Xom's mischief]
 49467 | Elf:3    | Gained mutation: You are dopey. (Int -2) [Xom's mischief]
 49467 | Elf:3    | Gained mutation: Your body sometimes deteriorates upon
                  | taking damage. [Xom's mischief]
 49516 | Elf:3    | XOM: harmless Pois miscast
 49558 | Elf:3    | XOM: stat loss: -1 Dex (16/17)
 49721 | Elf:3    | XOM: summons 2 hostile shadow creatures
 49734 | Elf:3    | XOM: fog
 49813 | Elf:3    | XOM: severe Ice miscast
 49962 | Elf:3    | XOM: cast spell 'Chain of Chaos'
 50269 | Elf:3    | Identified the cursed +0 scale mail of Owerhav {-Cast rElec
                  | Slay+3}
 50285 | Elf:3    | XOM: cleaving
 50347 | Elf:3    | XOM: 3-stop teleportation journey
 50387 | Elf:3    | XOM: summons friendly ufetubus
 50586 | Elf:3    | Identified the +7 hand axe of Expedience {chop, MR+}
 50610 | Elf:3    | XOM: confuse monster(s)
 50627 | Elf:3    | Reached skill level 20 in Fighting
 50627 | Elf:3    | XOM: fog
 50644 | Elf:3    | XOM: scenery: 1 doors close
 50743 | Elf:3    | Identified Daephir's Reference Book on Attacks
 50851 | Elf:3    | XOM: scenery: 1 doors close
 51270 | Vaults:1 | Entered Level 1 of the Vaults
 51410 | Vaults:1 | XOM: destruction
 51413 | Vaults:1 | XOM: god gift: leatherbound book {god gift}
 51458 | Vaults:1 | XOM: enchant monster (bad)
 51471 | Vaults:1 | Reached XP level 21. HP: 183/183 MP: 22/24
 51527 | Vaults:1 | XOM: polymorph vault sentinel -> yak
 51568 | Vaults:1 | Noticed Asterion
 51599 | Vaults:1 | XOM: divine lightning
 51600 | Vaults:1 | Killed Asterion
 51648 | Vaults:1 | XOM: silly message
 51775 | Vaults:1 | XOM: divination: detect items
 51920 | Vaults:1 | XOM: confuse monster(s)
 52037 | Vaults:1 | XOM: potion effect (agility)
 52070 | Vaults:1 | XOM: summons 8 friendly demons
 52121 | Vaults:1 | XOM: severe Necr miscast
 52126 | Vaults:1 | XOM: harmless Conj miscast
 52234 | Vaults:1 | XOM: blink monster(s)
 52276 | Vaults:1 | XOM: summons 8 hostile demons
 52327 | Vaults:1 | Found the +9 heavy crossbow "Sniper" {velocity, Acc+∞ SInv}
 52345 | Vaults:1 | Identified the ring "Qut Qiy" {*Drain +Inv rF+ Dex+9 SInv}
 52366 | Vaults:1 | XOM: harmless Hex miscast
 52485 | Vaults:1 | Found Vaseju's Antique Armour Emporium.
 52747 | Vaults:2 | Found Reilill's Weapon Boutique.
 52765 | Vaults:2 | XOM: swap monsters
 52772 | Vaults:2 | XOM: enchant monster (bad)
 52786 | Vaults:2 | XOM: noise
 52798 | Vaults:2 | XOM: enchant monster (good)
 52803 | Vaults:2 | XOM: enchant monster (bad)
 52824 | Vaults:2 | XOM: summons 2 hostile shadow creatures
 52842 | Vaults:2 | XOM: divination: detect creatures
 52874 | Vaults:2 | XOM: give mutation
 52874 | Vaults:2 | Gained mutation: You are very dopey. (Int -4) [Xom's
                  | mischief]
 52995 | Vaults:2 | XOM: summons friendly white imp
 52997 | Vaults:2 | XOM: summons 13 friendly demons
 53522 | Vaults:2 | Noticed Mara
 53635 | Vaults:2 | Killed Mara
 53635 | Vaults:2 | Reached skill level 21 in Fighting
 53701 | Vaults:2 | XOM: scenery: create altars
 53757 | Vaults:2 | Found Iruaxtud's Book Shoppe.
 53795 | Vaults:2 | XOM: silly message
 53820 | Vaults:2 | XOM: give mutations
 53820 | Vaults:2 | Gained mutation: You are agile. (Dex +2) [Xom's grace]
 53820 | Vaults:2 | Gained mutation: You are covered in fur. (AC +1) [Xom's
                  | grace]
 53820 | Vaults:2 | Gained mutation: You have large cloven feet. [Xom's grace]
 54011 | Vaults:3 | XOM: smoke on damage
 54267 | Vaults:3 | XOM: 5-stop teleportation journey
 54296 | Vaults:3 | XOM: enchant monster (good)
 54297 | Vaults:3 | XOM: cast spell 'Summon Hydra'
 54309 | Vaults:3 | XOM: divine lightning
 54317 | Vaults:3 | XOM: fake destruction
 54324 | Vaults:3 | Found a staircase to the Crypt.
 54324 | Vaults:3 | Found Gadwooc's Armour Shoppe.
 54324 | Vaults:3 | XOM: 7-stop teleportation journey
 54375 | Vaults:3 | XOM: enchant monster (good)
 54398 | Vaults:3 | Reached XP level 22. HP: 194/194 MP: 25/25
 54412 | Vaults:3 | XOM: summons friendly white imp
 54472 | Vaults:3 | XOM: give mutations
 54472 | Vaults:3 | Gained mutation: You have hoof-like feet. [Xom's grace]
 54472 | Vaults:3 | Gained mutation: Your flesh is heat resistant. (rF+) [Xom's
                  | grace]
 54699 | Vaults:3 | XOM: fog
 54799 | Vaults:3 | XOM: mild Chrm miscast
 54834 | Vaults:3 | XOM: fake destruction
 54963 | Vaults:3 | XOM: scenery: 1 doors open, 2 doors close
 55038 | Vaults:3 | XOM: confuse monster(s)
 55047 | Vaults:3 | XOM: confuse monster(s)
 55101 | Vaults:3 | XOM: god gift: 10 gold pieces
 55154 | Vaults:3 | XOM: give mutation
 55154 | Vaults:3 | Lost mutation: You are very dopey. (Int -4) [Xom's grace]
 55514 | Vaults:3 | XOM: confuse monster(s)
 55687 | Vaults:4 | XOM: potion effect (might)
 55767 | Vaults:4 | XOM: fog
 55785 | Vaults:4 | XOM: polymorph ogre mage -> mana viper
 55802 | Vaults:4 | XOM: scenery: 1 doors open, 1 doors close
 55808 | Vaults:4 | XOM: enchant monster (good)
 55823 | Vaults:4 | XOM: fog
 56054 | Vaults:4 | Reached skill level 22 in Fighting
 56056 | Vaults:4 | XOM: harmless Chrm miscast
 56145 | Vaults:4 | XOM: blink monster(s)
 56243 | Vaults:4 | XOM: stat loss: -1 Str (24/25)
 56252 | Vaults:4 | XOM: noise
 56481 | Vaults:4 | XOM: cleaving
 56893 | Vaults:4 | XOM: potion effect (haste)
 56933 | Vaults:4 | XOM: noise
 57184 | Vaults:2 | XOM: give mutation
 57184 | Vaults:2 | Lost mutation: You occasionally shout uncontrollably at
                  | your foes. [Xom's mischief]
 57387 | Depths:1 | Entered Level 1 of the Depths
 57387 | Depths:1 | Found a gateway to Hell.
 57484 | Depths:1 | XOM: harmless Fire miscast
 57652 | Depths:1 | XOM: give mutations
 57652 | Depths:1 | Lost mutation: You are dopey. (Int -2) [Xom's mischief]
 57654 | Depths:1 | XOM: potion effect (brilliance)
 57676 | Depths:1 | Noticed a caustic shrike
 57676 | Depths:1 | a tengu reaver changed into a caustic shrike
 57676 | Depths:1 | XOM: polymorph tengu reaver -> caustic shrike
 57682 | D:15     | XOM: chaos upgrade
 57683 | D:15     | Killed a caustic shrike
 57714 | D:15     | XOM: enchant monster (bad)
 57749 | Depths:1 | XOM: confuse monster(s)
 57751 | Depths:1 | XOM: fog
 57760 | Depths:1 | XOM: cleaving
 57762 | Depths:1 | Reached XP level 23. HP: 204/204 MP: 22/26
 57827 | Depths:1 | XOM: give mutations
 57827 | Depths:1 | Gained mutation: You are highly resistant to hostile
                  | enchantments. (MR++) [Xom's grace]
 57827 | Depths:1 | Gained mutation: You have a pair of small antennae on your
                  | head. [Xom's grace]
 57827 | Depths:1 | Gained mutation: Your flesh is cold resistant. (rC+) [Xom's
                  | grace]
 57943 | Depths:1 | XOM: divination: detect items
 58047 | Depths:1 | Identified the Compendium of the Mutagenic Glacier
 58094 | Depths:1 | XOM: scenery: create altars
 58301 | Depths:1 | Found a one-way gate leading to the halls of Pandemonium.
 58315 | Depths:1 | XOM: scenery: 2 doors open, 4 doors close
 58533 | Depths:2 | Found a one-way gate to the infinite horrors of the Abyss.
 58635 | Depths:2 | XOM: scenery: create altars
 58680 | Depths:2 | XOM: god gift: potion of flight
 58723 | Depths:2 | XOM: 1-stop teleportation journey
 58864 | Depths:2 | XOM: polymorph glowing orange brain -> elephant
 58872 | Depths:2 | XOM: medium Necr miscast
 58875 | Depths:2 | XOM: cast spell 'Call Canine Familiar'
 58948 | Depths:2 | XOM: silly message
 59528 | Depths:2 | XOM: god gift: 5 rations
 59607 | Depths:3 | XOM: 4-stop teleportation journey
 59611 | Depths:3 | XOM: enchant monster (good)
 59628 | Depths:3 | XOM: divine lightning
 59629 | Depths:3 | XOM: destruction
 59642 | Depths:3 | Noticed Xtahua
 59653 | Depths:3 | XOM: divination: detect items
 59654 | Depths:3 | Killed Xtahua
 59655 | Depths:3 | XOM: god gift: 51 gold pieces
 59661 | Depths:3 | XOM: summons 2 friendly demons
 59665 | Depths:3 | XOM: fake destruction
 59673 | Depths:3 | Reached skill level 23 in Fighting
 59675 | Depths:3 | XOM: swap monsters
 59839 | Depths:3 | XOM: cast spell 'Monstrous Menagerie'
 59887 | Depths:3 | XOM: scenery: create altars
 59888 | Depths:3 | XOM: confuse monster(s)
 59906 | Depths:3 | XOM: scenery: create altars
 60254 | Depths:3 | XOM: cleaving
 60326 | Depths:3 | XOM: medium Tloc miscast
 60444 | Depths:3 | XOM: polymorph fire giant -> sphinx
 60489 | Depths:3 | XOM: swap monsters
 60519 | Depths:3 | XOM: silly message
 60680 | Depths:3 | Noticed a greater mummy
 60684 | Depths:3 | XOM: noise
 61006 | Depths:4 | XOM: cast spell 'Statue Form'
 61014 | Depths:4 | XOM: potion effect (haste)
 61117 | Depths:5 | Entered Level 5 of the Depths
 61120 | Depths:5 | Noticed a golden dragon
 61160 | Depths:5 | no
 61163 | Depths:5 | XOM: enchant monster (bad)
 61176 | Depths:5 | XOM: confuse monster(s)
 61192 | Depths:5 | XOM: severe Summ miscast
 61192 | Depths:5 | Cast into level 5 of the Abyss (the severe capriciousness
                  | of Xom)
 61192 | Abyss:5  | Entered Level 5 of the Abyss
 61194 | Abyss:5  | Abyss 5, jeez
 61257 | Abyss:5  | XOM: noise
 61267 | Abyss:5  | XOM: give mutation
 61267 | Abyss:5  | Lost mutation: Your body sometimes deteriorates upon taking
                  | damage. [Xom's mischief]
 61273 | Abyss:5  | Reached XP level 24. HP: 215/215 MP: 26/26
 61319 | Depths:5 | Escaped the Abyss
 61328 | Depths:4 | XOM: polymorph fire dragon -> entropy weaver
 61638 | Depths:4 | XOM: summons friendly iron imp
 61646 | Depths:4 | XOM: fake destruction
 61703 | Depths:4 | XOM: divination: magic mapping
 61710 | Depths:4 | XOM: potion effect (invisibility)
 61726 | Depths:5 | XOM: summons friendly crimson imp
 61733 | Depths:5 | Noticed Saint Roka
 61952 | Depths:4 | Killed Saint Roka
 61968 | Depths:5 | XOM: scenery: create altars
 61979 | Depths:5 | XOM: polymorph ogre -> fire bat
 62038 | Depths:5 | XOM: 9-stop teleportation journey
 62038 | Depths:5 | Noticed a juggernaut
 62058 | Depths:4 | XOM: confusion (+ monsters)
 62066 | Depths:4 | Killed a juggernaut
 62391 | Depths:5 | Noticed a juggernaut
 62404 | Depths:5 | XOM: enchant monster (good)
 62413 | Depths:5 | XOM: blink monster(s)
 62439 | Depths:5 | XOM: polymorph red draconian -> catoblepas
 62442 | Depths:5 | Killed a juggernaut
 62444 | Depths:5 | XOM: fog
 62473 | Depths:5 | Found a gate to the Realm of Zot.
 62503 | Depths:5 | Reached skill level 24 in Fighting
 62519 | Depths:5 | XOM: scenery: create altars
 62594 | Depths:5 | Found Ahouv's Distillery.
 62608 | Depths:5 | XOM: potion effect (might)
 62619 | Depths:5 | XOM: divination: detect creatures
 62663 | Depths:5 | Found Jeomuota's Distillery.
 62663 | Depths:5 | Found Elihaiceyt's Assorted Antiques.
 62666 | Depths:5 | Found Geschisu's Assorted Antiques.
 62819 | Depths:5 | XOM: summons friendly shadow imp
 62826 | Depths:5 | XOM: confuse monster(s)
 62868 | Depths:5 | XOM: scenery: create altars
 62935 | Depths:5 | XOM: god gift: book of Frost
 63068 | Depths:3 | XOM: divine lightning
 63076 | Depths:3 | Killed a greater mummy
 63146 | Depths:3 | XOM: give mutations
 63146 | Depths:3 | Gained mutation: You are somewhat resistant to both further
                  | mutation and mutation removal. [Xom's grace]
 63146 | Depths:3 | Gained mutation: You are almost entirely resistant to
                  | further mutation and mutation removal. [Xom's grace]
 63147 | Depths:3 | damn
 63444 | Orc:2    | Bought a cursed ring of resist corrosion for 289 gold
                  | pieces
 63626 | Lair:3   | XOM: scenery: create altars
 63651 | Slime:1  | Entered Level 1 of the Pits of Slime
 63651 | Slime:1  | Found a viscous altar of Jiyva.
 63666 | Lair:5   | XOM: summons 6 friendly demons
 63735 | Slime:2  | XOM: enchant monster (bad)
 63789 | Slime:2  | XOM: fog
 63817 | Slime:2  | XOM: give mutations
 63817 | Slime:2  | Lost mutation: Your spells are a little easier to cast, but
                  | a little less powerful. [Xom's grace]
 63817 | Slime:2  | Lost mutation: You are weak. (Str -2) [Xom's grace]
 63817 | Slime:2  | Gained mutation: You possess an exceptional clarity of
                  | mind. [Xom's grace]
 63818 | Slime:2  | wow nice
 63865 | Slime:4  | XOM: 4-stop teleportation journey
 63873 | Slime:4  | XOM: polymorph slime creature -> two-headed ogre
 64040 | Slime:5  | Entered Level 5 of the Pits of Slime
 64062 | Slime:5  | Reached skill level 25 in Fighting
 64080 | Slime:5  | XOM: potion effect (invisibility)
 64082 | Slime:5  | XOM: scenery: create altars
 64086 | Slime:5  | XOM: divination: detect items
 64284 | Slime:5  | Reached XP level 25. HP: 227/228 MP: 21/26
 64300 | Slime:5  | XOM: 1-stop teleportation journey
 64340 | Slime:5  | XOM: polymorph slime creature -> two-headed ogre
 64348 | Slime:5  | XOM: severe Chrm miscast
 64357 | Slime:5  | XOM: mild Hex miscast
 64359 | Slime:5  | why so much contam
 64396 | Slime:4  | XOM: harmless Fire miscast
 64403 | Slime:5  | XOM: enchant monster (good)
 64690 | Slime:5  | XOM: cast spell 'Dispersal'
 64700 | Slime:5  | XOM: enchant monster (good)
 64765 | Slime:5  | Found a viscous altar of Jiyva.
 64780 | Slime:5  | where are you
 64922 | Slime:5  | wtf
 64960 | Slime:5  | XOM: harmless Conj miscast
 65458 | Slime:5  | XOM: give mutations
 65458 | Slime:5  | Gained mutation: Your flesh is very cold resistant. (rC++)
                  | [Xom's grace]
 65458 | Slime:5  | Gained mutation: Your mind is acute. (Int +2) [Xom's grace]
 65458 | Slime:5  | Gained mutation: You have hooves in place of feet. [Xom's
                  | grace]
 65458 | Slime:5  | Gained mutation: You are extremely resistant to the effects
                  | of hostile enchantments. (MR+++) [Xom's grace]
 65465 | Slime:5  | NOO
 65510 | Slime:5  | Noticed the Royal Jelly
 65511 | Slime:5  | you fucking idiot
 65526 | Slime:5  | XOM: mild Pois miscast
 65534 | Slime:5  | Killed the Royal Jelly
 65534 | Slime:5  | Reached skill level 26 in Fighting
 65562 | Slime:5  | Got a brightly glowing lajatang
 65564 | Slime:5  | Identified the cursed +2 lajatang "Hudylisch" {vamp, rF+
                  | rN+ Dex+4} (You found it on level 5 of the Pits of Slime)
 65568 | Slime:5  | Identified the Collected Works on Enthralling Black Magic
 65583 | Slime:5  | Got a slimy rune of Zot
 65585 | Slime:5  | Got a flickering jade ring
 65586 | Slime:5  | Identified the ring of Miyph {MP+9 Str+2} (You found it on
                  | level 5 of the Pits of Slime)
 65600 | Slime:5  | Got a polished shortbow
 65601 | Slime:5  | XOM: give mutation
 65601 | Slime:5  | Lost mutation: You passively map a small area around you.
                  | [Xom's mischief]
 65638 | Slime:5  | Got a transparent brass ring
 65644 | Slime:5  | Identified the ring of the Oligarchy {Fire +Inv Str+3} (You
                  | found it on level 5 of the Pits of Slime)
 65655 | Slime:5  | Got a scorched executioner's axe
 65656 | Slime:5  | Identified the +8 executioner's axe of Xuitajua {elec,
                  | rPois} (You found it on level 5 of the Pits of Slime)
 65657 | Slime:5  | wow, nice exec axe
 65809 | D:8      | XOM: give mutation
 65809 | D:8      | Lost mutation: You are agile. (Dex +2) [Xom's mischief]
 66005 | D:15     | XOM: noise
 66041 | D:15     | XOM: harmless Chrm miscast
 66045 | D:15     | Learned a level 2 spell: Blink
 66048 | D:15     | Learned a level 2 spell: Passwall
 66053 | D:15     | Learned a level 4 spell: Summon Lightning Spire
 66155 | Depths:5 | XOM: give mutation
 66155 | Depths:5 | Lost mutation: You are almost entirely resistant to further
                  | mutation and mutation removal. [Xom's mischief]
 66159 | Zot:1    | Entered Level 1 of the Realm of Zot
 66170 | Depths:5 | XOM: scenery: 1 doors close
 66173 | Depths:5 | XOM: confuse monster(s)
 66177 | Depths:5 | XOM: medium Summ miscast
 66205 | Depths:5 | Reached skill level 1 in Summonings
 66209 | Depths:5 | Reached skill level 1 in Air Magic
 66212 | Zot:1    | XOM: god gift: 55 gold pieces
 66215 | Zot:1    | Reached skill level 1 in Spellcasting
 66215 | Zot:1    | Reached skill level 1 in Translocations
 66215 | Zot:1    | Reached skill level 1 in Earth Magic
 66238 | Zot:1    | XOM: divine lightning
 66258 | Zot:1    | XOM: blink monster(s)
 66260 | Zot:1    | XOM: enchant monster (bad)
 66264 | Zot:1    | XOM: noise
 66277 | Zot:1    | XOM: fog
 66290 | Zot:1    | XOM: destruction
 66322 | Zot:1    | XOM: summons friendly ufetubus
 66344 | Zot:1    | XOM: fog
 66421 | Zot:1    | XOM: summons friendly white imp
 66429 | Zot:1    | XOM: give mutations
 66429 | Zot:1    | Gained mutation: You are robust. (+10% HP) [Xom's grace]
 66429 | Zot:1    | Gained mutation: You passively map a small area around you.
                  | [Xom's grace]
 66434 | Zot:1    | nice
 66491 | Zot:1    | XOM: give mutations
 66491 | Zot:1    | Gained mutation: You are resistant to electric shocks.
                  | (rElec) [Xom's grace]
 66491 | Zot:1    | Gained mutation: Your flesh is almost immune to the effects
                  | of cold. (rC+++) [Xom's grace]
 66491 | Zot:1    | Gained mutation: You are very robust. (+20% HP) [Xom's
                  | grace]
 66491 | Zot:1    | Gained mutation: You are covered in thick fur. (AC +2)
                  | [Xom's grace]
 66492 | Zot:1    | WOW NICE POGCHAMP
 66923 | Depths:1 | XOM: give mutations
 66923 | Depths:1 | Gained mutation: You passively map the area around you.
                  | [Xom's grace]
 66923 | Depths:1 | Lost mutation: You are somewhat resistant to both further
                  | mutation and mutation removal. [Xom's grace]
 66923 | Depths:1 | Lost mutation: You are somewhat resistant to further
                  | mutation. [Xom's grace]
 66923 | Depths:1 | Gained mutation: You evolve. [Xom's grace]
 67030 | D:14     | XOM: 7-stop teleportation journey
 67156 | D:11     | Gained mutation: Your mind is very acute. (Int +4)
                  | [evolution]
 67341 | Elf:1    | XOM: god gift: wand of digging (5)
 67589 | D:15     | XOM: give mutations
 67589 | D:15     | Gained mutation: You can translocate small distances at
                  | will. [Xom's grace]
 67589 | D:15     | Gained mutation: Your muscles are strong. (Str +2) [Xom's
                  | grace]
 67733 | Zot:1    | XOM: scenery: 1 fountains blood, 3 doors close
 67766 | Zot:1    | XOM: summons 3 friendly demons
 67795 | Zot:1    | XOM: divine lightning
 67877 | Zot:2    | why is there a zot trap there
 67944 | Zot:2    | XOM: torment (164/276 hp)
 67965 | Zot:2    | XOM: summons 12 hostile demons
 68313 | Zot:2    | FUCK YOU SHIFTER HAHA
 68316 | Zot:2    | ok nvm
 68323 | Zot:2    | XOM: potion effect (invisibility)
 68332 | Zot:2    | oh wait you made me invis xom, how kind of you
 68334 | Zot:2    | Reached skill level 5 in Summonings
 68335 | Zot:2    | XOM: 1-stop teleportation journey
 68336 | Zot:2    | okay...
 68638 | Zot:2    | XOM: polymorph moth of wrath -> dream sheep
 68642 | Zot:2    | XOM: blink monster(s)
 68731 | Zot:2    | Reached skill level 5 in Air Magic
 68742 | Zot:2    | Found a transporter.
 68835 | Zot:4    | Noticed a Killer Klown
 68845 | Zot:3    | Reached skill level 5 in Spellcasting
 68848 | Zot:3    | XOM: destruction
 68869 | Zot:3    | Killed a Killer Klown
 68880 | Zot:3    | Reached XP level 26. HP: 201/285 MP: 24/30
 68880 | Zot:3    | XOM: confuse monster(s)
 69038 | Zot:4    | XOM: cleaving
 69063 | Zot:3    | XOM: polymorph golden dragon -> iron giant
 69182 | Zot:4    | Reached skill level 10 in Summonings
 69198 | Zot:4    | XOM: confuse monster(s)
 69203 | Zot:4    | XOM: fog
 69260 | Zot:4    | XOM: enchant monster (good)
 69297 | Zot:4    | Noticed an orb of fire
 69300 | Zot:4    | Lost mutation: You are very robust. (+20% HP) [an orb of
                  | fire]
 69316 | Zot:4    | Killed an orb of fire
 69317 | Zot:4    | XOM: potion effect (invisibility)
 69322 | Zot:4    | XOM: scenery: create altars
 69323 | Zot:4    | XOM: scenery: create altars
 69335 | Zot:4    | aha
 69337 | Zot:4    | XOM: noise
 69351 | Zot:4    | XOM: smoke on damage
 69373 | Zot:4    | XOM: medium Ice miscast
 69377 | Zot:4    | XOM: cast spell 'Statue Form'
 69401 | Zot:4    | I am actually really stupid
 69694 | Zot:4    | XOM: summons friendly crimson imp
 69738 | Zot:4    | XOM: silly message
 69763 | Zot:4    | XOM: fog
 69799 | Zot:4    | XOM: harmless Tloc miscast
 69881 | Zot:4    | XOM: divination: detect items
 69896 | Zot:4    | XOM: cast spell 'Summon Mana Viper'
 69938 | Zot:4    | XOM: divination: detect creatures
 69989 | Zot:4    | XOM: summons 2 friendly demons
 70012 | Zot:4    | XOM: cloud trail
 70160 | Zot:4    | XOM: silly message
 70208 | Zot:4    | XOM: harmless Tmut miscast
 70217 | Zot:4    | XOM: enchant monster (bad)
 70260 | Zot:4    | XOM: polymorph death drake -> water nymph
 70283 | Zot:4    | Learned a level 5 spell: Aura of Abjuration
 70382 | Zot:4    | Learned a level 5 spell: Summon Mana Viper
 70395 | Zot:4    | Found a runed door.
 70397 | Zot:4    | Noticed Alant's ghost (legendary SpEn)
 70540 | Zot:5    | Entered Level 5 of the Realm of Zot
 70542 | Zot:5    | XOM: fog
 70544 | Zot:4    | whoops
 70591 | Zot:5    | there we go, magic mapping, not teleport
 70615 | Zot:5    | XOM: harmless Air miscast
 70620 | Zot:5    | XOM: divine lightning
 70622 | Zot:5    | XOM: smoke on damage
 70624 | Zot:5    | Reached skill level 1 in Hexes
 70668 | Zot:5    | XOM: harmless Tloc miscast
 70738 | Zot:5    | XOM: chaos upgrade
 70741 | Zot:5    | XOM: polymorph green draconian scorcher -> shadow dragon
 70749 | Zot:5    | XOM: polymorph shadow dragon -> iron giant
 70763 | Zot:5    | XOM: noise
 70765 | Zot:5    | XOM: enchant monster (good)
 70778 | Zot:5    | XOM: scenery: 1 doors open, 1 doors close
 70792 | Zot:5    | Reached skill level 5 in Hexes
 70840 | Zot:5    | Found a runed gate.
 70840 | Zot:5    | Found a runed gate.
 70840 | Zot:5    | Found a runed gate.
 70840 | Zot:5    | Noticed an ancient lich
 70841 | Zot:5    | Noticed Sergey's ghost (adept DDFi)
 70964 | Zot:5    | XOM: cast spell 'Call Canine Familiar'
 71044 | Zot:5    | XOM: mild Erth miscast
 71062 | Zot:5    | XOM: potion effect (invisibility)
 71067 | Zot:5    | XOM: give mutations
 71067 | Zot:5    | Gained mutation: You are agile. (Dex +2) [Xom's grace]
 71067 | Zot:5    | Gained mutation: You have an increased reservoir of magic.
                  | (+10% MP) [Xom's grace]
 71084 | Zot:5    | XOM: scenery: create altars
 71087 | Zot:5    | XOM: confuse monster(s)
 71092 | Zot:5    | XOM: fog
 71102 | Zot:5    | Reached XP level 27. HP: 242/269 MP: 30/33
 71198 | Zot:5    | why are there two dispersal traps :(
 71212 | Zot:5    | Noticed an ancient lich
 71213 | Zot:5    | Noticed an orb of fire
 71220 | Zot:5    | WTF
 71222 | Zot:5    | again, you piece of shit
 71238 | Zot:5    | Gained mutation: You occasionally shout uncontrollably at
                  | your foes. [an orb of fire]
 71240 | Zot:5    | Killed an orb of fire
 71246 | Zot:5    | Killed an ancient lich
 71250 | Zot:5    | Noticed an ancient lich
 71254 | Zot:5    | XOM: confuse monster(s)
 71257 | Zot:5    | XOM: summons 5 friendly demons
 71259 | Zot:5    | ...
 71262 | Zot:5    | XOM: summons 6 friendly demons
 71270 | Zot:5    | XOM: summons 2 friendly demons
 71272 | Zot:5    | Noticed an ancient lich
 71277 | Zot:5    | XOM: enchant monster (good)
 71278 | Zot:5    | Noticed an orb of fire
 71280 | Zot:5    | please spare me
 71282 | Zot:5    | Killed an ancient lich
 71288 | Zot:5    | Killed an ancient lich
 71293 | Zot:5    | Noticed an orb of fire
 71295 | Zot:5    | Noticed an orb of fire
 71299 | Zot:5    | XOM: 9-stop teleportation journey
 71300 | Zot:5    | YES THANK YOU
 71443 | Zot:5    | XOM: scenery: 1 fountains blood, 1 doors close
 71522 | Zot:5    | XOM: scenery: 1 doors open
 71589 | Zot:3    | Reached skill level 10 in Hexes
 71612 | Zot:2    | XOM: god gift: 40 gold pieces
 71664 | Zot:1    | XOM: fog
 71763 | Depths:5 | Bought a potion of haste for 250 gold pieces
 71763 | Depths:5 | Bought a potion of resistance for 250 gold pieces
 71763 | Depths:5 | Bought a potion of haste for 250 gold pieces
 71763 | Depths:5 | Bought a potion of cancellation for 200 gold pieces
 71763 | Depths:5 | Bought a potion of haste for 250 gold pieces
 71763 | Depths:5 | Bought a potion of invisibility for 200 gold pieces
 71763 | Depths:5 | Bought a potion of berserk rage for 125 gold pieces
 71763 | Depths:5 | Bought a potion of resistance for 250 gold pieces
 71763 | Depths:5 | Bought a potion of might for 100 gold pieces
 71763 | Depths:5 | Bought a potion of might for 100 gold pieces
 71766 | Depths:5 | Bought a potion of haste for 380 gold pieces
 71772 | Depths:5 | Bought a potion of mutation for 112 gold pieces
 71772 | Depths:5 | Bought a potion of might for 56 gold pieces
 71772 | Depths:5 | Bought a potion of might for 56 gold pieces
 71980 | Zot:5    | XOM: divination: detect items
 72017 | Zot:5    | XOM: blink monster(s)
 72022 | Zot:5    | Lost mutation: Your mind is very acute. (Int +4) [an orb of
                  | fire]
 72023 | Zot:5    | Killed an orb of fire
 72047 | Zot:5    | Killed an orb of fire
 72071 | Zot:5    | XOM: enchant monster (good)
 72072 | Zot:5    | haha
 72074 | Zot:5    | XOM: potion effect (heal wounds)
 72081 | Zot:5    | Killed an orb of fire
 72165 | Zot:5    | XOM: summons 2 hostile demons
 72188 | Zot:5    | Got the Orb of Zot
 72302 | Zot:2    | Noticed Mutaq the pandemonium lord
 72305 | Zot:2    | XOM: fake destruction
 72316 | Zot:2    | Killed Mutaq the pandemonium lord
 72342 | Zot:1    | XOM: mild Necr miscast
 72444 | Depths:1 | XOM: cast spell 'Death Channel'
 72627 | D:13     | XOM: silly message
 72667 | D:9      | Noticed Pucurecugh the pandemonium lord
 72667 | D:9      | XOM: medium Hex miscast
 72670 | D:9      | oh not the slow
 72674 | D:9      | XOM: god gift: coiled copper ring {god gift}
 72675 | D:9      | Noticed Selutin the pandemonium lord
 72691 | D:9      | Killed Selutin the pandemonium lord
 72695 | D:9      | Killed Pucurecugh the pandemonium lord
 72812 | D:4      | XOM: polymorph sixfirhy -> sun demon
 72848 | D:3      | Noticed Cural the pandemonium lord
 72857 | D:3      | Killed Cural the pandemonium lord
 72899 | D:1      | gg
 72900 | D:$      | Escaped with the Orb!

Vault maps used:
D:1:      lemuel_arrival_tunnels
D:2:      uniq_robin
D:3:      lemuel_doored_altar, minmay_misc_feat_roman
D:4:      minmay_temple_entry_hall, first_ration
D:6:      nicolae_dithmenos_through_a_glass_darkly, uniq_menkaure, uniq_pikel
D:7:      basic_altar, uniq_prince_ribbit1, uniq_duvessa
D:8:      due_lair_maze_entry_diamond, serial_rivers,
          chequers_serial_rivers_micro_d, chequers_serial_rivers_micro_a,
          chequers_serial_rivers_micro_b, chequers_serial_rivers_micro_e,
          nicolae_blasting_shop
D:9:      basic_altar, serial_shops, shop, shop, shop, shop
D:11:     orc_0_dummy, enter_trove_2
D:12:     cheibrodos_quadrivalence, serial_shops, nicolae_shop_statue_plus,
          basic_altar, uniq_urug
D:13:     minmay_tree_intersection
D:14:     cheibrodos_lost_city_excavation, grunt_vaults_entry_fortified,
          basic_altar, serial_shops, shop, old_standard_altar, uniq_snorg,
          uniq_agnes
D:15:     gammafunk_enter_depths_forms, hangedman_ru_absence, uniq_kirke
Lair:1:   grunt_megastairs_2
Lair:2:   minmay_lair_venomous_thicket, minmay_snake_entry_guardpost_small,
          portal_ice_cave_entry_pillars_2, hangedman_lair_unloving_vines,
          minivault_29
Lair:3:   cheibrodos_magma_flow, nicolae_volcano_entry_vermiform,
          gauntlet_entry_generic
Lair:4:   shoals_dummy_entry, minmay_lair_oklob_bushes, st_stairs_6
Lair:5:   hangedman_what_comes_after_a, dpeg_slime_entry_enclosed_altar,
          nicolae_quartered_pool_little, grunt_forest_large_clearing_hut,
          uniq_nessos, uniq_sonja, uniq_josephine
Lair:6:   evil_forest, minmay_lair_drake_nest
Shoals:1: cheibrodos_shoals_satyrical_garden, gammafunk_ghost_grave, uniq_louise
Shoals:2: abandoned_shop
Shoals:4: shoals_end_simple, shoals_ilsuiw_alternative
Snake:2:  grunt_ministairs_3
Snake:3:  basic_altar, st_stairs_10, lightli_airlock
Snake:4:  snake_pit, uniq_vashnia
Slime:1:  basic_altar
Slime:3:  nicolae_slime_phagocytosis
Orc:2:    st_orc_rangers, mines1_david
Elf:1:    eino_elf_arrival_shootout, serial_shops, shop, minmay_elf_sorcery
Elf:2:    basic_stair_grate_trap, uniq_roxanne
Elf:3:    nooodl_elf_gasket, ebering_ghost_reflecting_pool
Vaults:1: minmay_guarded_unrand_secular_launcher, ontoclasm_vaults_pinch,
          vaults_dpeg_encased_lava, nicolae_vaults_what_the_h,
          ontoclasm_vaults_eye, vaults_room_hallway, nicolae_vaults_alarming,
          serial_shops, shop, uniq_asterion
Vaults:2: ontoclasm_vaults_ligature, v_misc_8, dpeg_vaults_monster_box,
          v_misc_1, nicolae_vaults_yaktaur_gun_rack, serial_shops, shop,
          uniq_mara
Vaults:3: nicolae_vaults_sealed_display, v_misc_16,
          nicolae_vaults_network_quinsquares, nicolae_vaults_triangles,
          grunt_vaults_swirl, nicolae_vaults_octagons, nicolae_vaults_rhombus_6,
          v_rooms_3, minmay_crypt_entry_simple_round, vaults_room_large_hall,
          nicolae_vaults_windows_and_doors_thing, serial_shops,
          nicolae_shop_temple_entry_statues_fountains
Vaults:4: vaults_room_ringed_pool, v_misc_29, v_misc_1,
          ontoclasm_vaults_gateway, nicolae_vaults_big_ls,
          grunt_vaults_trifunnel, vaults_room_semicircle,
          ontoclasm_vaults_ring_square, ontoclasm_vaults_ring_small
Depths:1: minmay_the_grid_3x2, nrook_mini_backslash, rand_demon_pan_entry_7,
          hell_entry, minmay_misc_feat_tower, kilobyte_rumbling_trees,
          serial_bayou_shore_b
Depths:2: kennysheep_room_grid, hell_entry, abyss_entry_crystal,
          infiniplex_staircase_hallway_doors, grunt_pan_entry_zigzag,
          serial_bayou_shore_b
Depths:3: minmay_guarded_unrand_sceptre_of_torment, pan_entry,
          serial_sigils_hangedman_confine, hell_entry, basic_stair_grate_trap,
          uniq_xtahua
Depths:4: lemuel_river_lethe, hell_entry, abyss_entry
Depths:5: evilmike_zot_entry_basic, hellmouth_1, minmay_shoptagon,
          uniq_saint_roka
Zot:1:    grunt_megastairs_1
Zot:2:    gammafunk_dig_for_victory
Zot:3:    st_stairs_12, hangedman_hellfire_club
Zot:4:    nicolae_moth_party, ebering_ghost_reflecting_pool
Zot:5:    gammafunk_ghost_necromancy
Abyss:5:  evilmike_abyss_exit_plants, grunt_abyss_rune_forest_and_sorcery
IceCv:    ice_cave_statue_garden_chambered

Skill      XL: |  1  2  3  4  5  6  7  8  9 10 11 12 13 14 15 16 17 18 19 20 21 22 23 24 25 26 27 |
---------------+----------------------------------------------------------------------------------+-----
Long Blades    | 4 5 6 7 8 9 10 14 | 14.0
Fighting       | 4 5 6 7 8 10 12 13 15 17 18 19 20 21 22 23 25 26 | 26.2
Armour         | 3 4 5 6 7 9 11 15 18 20 21 22 23 | 23.0
Shields        | 1 3 4 8 13 15 16 17 18 19 23 | 23.0
Evocations     | 1 4 5 |  5.0
Dodging        | 2 5 9 11 13 15 16 17 18 19 20 21 22 | 22.0
Throwing       | 7 8 |  8.0
Summonings     | 8 13 | 13.0
Air Magic      | 5 7 |  7.0
Spellcasting   | 5 |  5.0
Translocations | 4 |  4.9
Earth Magic    | 4 |  4.6
Hexes          | 6 10 | 10.0

Action                   |  1- 3 |  4- 6 |  7- 9 | 10-12 | 13-15 | 16-18 | 19-21 | 22-24 | 25-27 || total
-------------------------+-------+-------+-------+-------+-------+-------+-------+-------+-------++-------
Melee: Falchion          |    34 |       |       |       |       |       |       |       |       ||    34
       Dagger            |    60 |   184 |   466 |  1616 |  2171 |       |       |       |       ||  4497
       Short sword       |       |     7 |       |       |       |       |       |       |       ||     7
       Kick              |       |       |       |   210 |   399 |       |       |    14 |   778 ||  1401
       Bite              |       |       |       |    85 |   382 |   372 |   455 |   615 |   327 ||  2236
       Demon blade       |       |       |       |       |   598 |  2287 |  2248 |  2242 |   326 ||  7701
       Eveningstar       |       |       |       |       |    30 |       |       |       |       ||    30
       Eudemon blade     |       |       |       |       |       |       |     8 |   132 |  1042 ||  1182
       Mace              |       |       |       |       |       |       |       |       |    17 ||    17
Throw: Javelin           |       |       |     8 |     6 |    12 |       |       |       |       ||    26
       Throwing net      |       |       |       |       |       |       |       |       |     4 ||     4
 Cast: Summon Mana Viper |       |       |       |       |       |       |       |       |     4 ||     4
       Passwall          |       |       |       |       |       |       |       |       |     1 ||     1
       Summon Lightning  |       |       |       |       |       |       |       |       |     1 ||     1
 Abil: Hop               |       |     2 |     1 |     3 |    10 |    10 |    12 |     3 |     2 ||    43
Evoke: Wand              |       |     4 |     1 |    13 |    14 |     1 |    10 |     8 |     2 ||    53
       Phantom mirror    |       |       |       |       |     1 |       |       |       |       ||     1
  Use: Scroll            |       |    12 |     3 |     9 |    27 |    10 |     9 |     7 |    23 ||   100
       Potion            |       |     3 |       |     3 |     4 |     4 |     1 |     3 |    18 ||    36
 Stab: Sleeping          |     1 |     3 |       |       |       |       |       |       |       ||     4
       Petrified         |     2 |       |       |       |       |     9 |     1 |       |       ||    12
       Distracted        |       |       |     1 |     2 |     5 |     1 |     3 |       |     7 ||    19
       Paralysed         |       |       |     1 |     1 |     2 |       |     5 |       |     7 ||    16
       Invisible         |       |       |    12 |       |    12 |     3 |       |     6 |     7 ||    40
       Confused          |       |       |       |     9 |     2 |     2 |     2 |    20 |    11 ||    46
       Petrifying        |       |       |       |     2 |       |       |       |     1 |     2 ||     5
       Held in net/web   |       |       |       |       |       |       |       |       |     1 ||     1
  Eat: Chunk             |     2 |    11 |     9 |    18 |    30 |    27 |    19 |    11 |     4 ||   131
       Ration            |       |       |     1 |     5 |     7 |     4 |    10 |    14 |    13 ||    54
Armor: Leather armour    |    66 |    34 |       |       |       |       |       |       |       ||   100
       Chain mail        |       |    20 |   168 |   386 |   896 |   611 |   278 |   299 |    33 ||  2691
       Fire dragon scale |       |       |       |       |       |       |       |       |   206 ||   206
       Skin              |       |       |       |       |       |       |       |       |     8 ||     8
Dodge: Dodged            |    59 |    72 |    86 |   508 |  1027 |   766 |   467 |   752 |   567 ||  4304
Block: Buckler           |       |       |    70 |   291 |   860 |   429 |       |       |       ||  1650
       Large shield      |       |       |       |       |       |  2563 |  2676 |  2600 |  1550 ||  9389
       Reflection        |       |       |       |       |       |   306 |   213 |   167 |    23 ||   709
       Rpst.: Falchion   |     6 |       |       |       |       |       |       |       |       ||     6
       Demon blade       |       |       |       |       |    53 |   137 |    70 |    95 |    12 ||   367
       Eudemon blade     |       |       |       |       |       |       |       |    15 |    41 ||    56

Table legend:
 A = Non-vault XP
 B = Vault XP
 C = Vault XP percentage of total XP
 D = Non-vault monster count
 E = Vault monster count
 F = Vault count percentage of total count
                 A         B        C        D         E       F
            +---------+---------+-------+---------+---------+-------
      Total |  841280 |  571329 |  40.4 |    1577 |     737 |  31.8
            +---------+---------+-------+---------+---------+-------
        D:1 |      21 |       0 |   0.0 |      15 |       0 |   0.0
        D:2 |      79 |      30 |  27.5 |      28 |       9 |  24.3
        D:3 |     149 |       0 |   0.0 |      16 |       0 |   0.0
        D:4 |     338 |       0 |   0.0 |      19 |       0 |   0.0
        D:5 |     298 |       0 |   0.0 |      12 |       0 |   0.0
        D:6 |     803 |     377 |  31.9 |      23 |       2 |   8.0
        D:7 |     444 |     512 |  53.6 |      11 |       3 |  21.4
        D:8 |    1522 |     939 |  38.2 |      35 |      10 |  22.2
        D:9 |    1697 |       0 |   0.0 |      26 |       0 |   0.0
       D:10 |    4286 |       0 |   0.0 |      39 |       0 |   0.0
       D:11 |    5373 |       0 |   0.0 |      33 |       0 |   0.0
       D:12 |    5759 |     863 |  13.0 |      29 |       1 |   3.3
       D:13 |    5015 |       0 |   0.0 |      28 |       0 |   0.0
       D:14 |    7636 |   14428 |  65.4 |      38 |      17 |  30.9
       D:15 |   19239 |   16147 |  45.6 |      38 |      18 |  32.1
     Lair:1 |    1978 |    2824 |  58.8 |      11 |      18 |  62.1
     Lair:2 |    2305 |    4909 |  68.0 |      14 |      44 |  75.9
     Lair:3 |    3887 |    1859 |  32.4 |      19 |      10 |  34.5
     Lair:4 |    5788 |     797 |  12.1 |      39 |       4 |   9.3
     Lair:5 |   17929 |   16696 |  48.2 |      52 |      72 |  58.1
     Lair:6 |    6042 |    6576 |  52.1 |      25 |      19 |  43.2
   Shoals:1 |   15316 |    4272 |  21.8 |      31 |       6 |  16.2
   Shoals:2 |   14389 |       0 |   0.0 |      27 |       0 |   0.0
   Shoals:3 |   17318 |       0 |   0.0 |      39 |       0 |   0.0
   Shoals:4 |   11366 |   31898 |  73.7 |      23 |      47 |  67.1
    Snake:1 |   11797 |       0 |   0.0 |      27 |       0 |   0.0
    Snake:2 |   11376 |     593 |   5.0 |      24 |       2 |   7.7
    Snake:3 |   27847 |   11737 |  29.7 |      54 |      16 |  22.9
    Snake:4 |   20286 |   35135 |  63.4 |      42 |      50 |  54.3
    Slime:1 |    3811 |       0 |   0.0 |       8 |       0 |   0.0
    Slime:2 |    8723 |       0 |   0.0 |      12 |       0 |   0.0
    Slime:3 |     934 |       0 |   0.0 |       5 |       0 |   0.0
    Slime:4 |   10867 |       0 |   0.0 |      18 |       0 |   0.0
    Slime:5 |   25115 |   29818 |  54.3 |      39 |      16 |  29.1
      Orc:1 |    5471 |     399 |   6.8 |      70 |       3 |   4.1
      Orc:2 |     780 |    4008 |  83.7 |      15 |      36 |  70.6
      Elf:1 |   11103 |    9111 |  45.1 |      19 |      16 |  45.7
      Elf:2 |   15025 |   15567 |  50.9 |      23 |      11 |  32.4
      Elf:3 |    9656 |   50422 |  83.9 |      23 |      36 |  61.0
   Vaults:1 |   21225 |   22722 |  51.7 |      46 |      25 |  35.2
   Vaults:2 |   19611 |   23856 |  54.9 |      47 |      24 |  33.8
   Vaults:3 |   26511 |   34700 |  56.7 |      43 |      45 |  51.1
   Vaults:4 |   41968 |   11549 |  21.6 |      65 |      17 |  20.7
   Depths:1 |   18470 |   13698 |  42.6 |      24 |      18 |  42.9
   Depths:2 |   16638 |   14571 |  46.7 |      19 |      24 |  55.8
   Depths:3 |   42484 |   12410 |  22.6 |      55 |       4 |   6.8
   Depths:4 |   16742 |   14653 |  46.7 |      12 |      32 |  72.7
   Depths:5 |   58611 |   13895 |  19.2 |      58 |      23 |  28.4
      Zot:1 |   56066 |    9272 |  14.2 |      36 |       4 |  10.0
      Zot:2 |   25419 |       0 |   0.0 |      15 |       0 |   0.0
      Zot:3 |   36345 |    1283 |   3.4 |      20 |       1 |   4.8
      Zot:4 |   64325 |   13216 |  17.0 |      34 |      12 |  26.1
      Zot:5 |   76529 |  122571 |  61.6 |      38 |      31 |  44.9
    Abyss:5 |    8568 |       0 |   0.0 |      16 |       0 |   0.0
      IceCv |       0 |    3016 | 100.0 |       0 |      11 | 100.0
            +---------+---------+-------+---------+---------+-------
